 Dungeon Crawl Stone Soup version 0.24.0-37-gcf1ca852f1 (webtiles) character file.

Game seed: 18226444581534583946, levelgen mode: deterministic

1000749 Dustman the Conqueror (level 27, -28/239 HPs)
             Began as a Demonspawn Gladiator on Nov 23, 2019.
             Was the Champion of Hepliaklqana.
             Killed from afar by Cerebov (47 damage)
             ... with an iron shot
             ... in Pandemonium on Nov 26, 2019.
             The game lasted 09:41:23 (54907 turns).

Dustman the Conqueror (Demonspawn Gladiator)       Turns: 54907, Time: 09:41:24

Health: -28/239    AC: 30    Str: 25    XL:     27
Magic:  47/49      EV: 31    Int: 14    God:    Hepliaklqana [******]
Gold:   1446       SH: 35    Dex: 24    Spells: 36/46 levels left

rFire    + + .     SeeInvis +   I - +7 double sword of the Valley {vamp, rF+ rN++ MR- SInv}
rCold    + + +     Gourm    .   d - +8 large shield "Witaum" {rN+ MR+ Regen+}
rNeg     + + +     Faith    .   b - quicksilver dragon scales
rPois    +         Spirit   .   (helmet unavailable)
rElec    +         Reflect  .   O - +2 cloak {MR+}
rCorr    .         Harm     .   e - +2 pair of gloves
MR       ++++.                  h - +2 pair of boots {run}
Stlth    +++++++++.             E - amulet of Vitality {Regen+ HP+15}
HPRegen  2.29/turn              i - ring "Olaenoass" {rElec rC+ MP+9 Dex+2 Stlth-}
MPRegen  0.31/turn              N - ring "Gazidee" {rPois rF+ rC+ Str+2 Int-3}

@: mighty, brilliant, about to teleport, singing, fire vulnerable, regenerating
(expiring), hasted, very quick
A: reduced essence, horns 3, icy blue scales 3, cold resistance 1, fire
resistance 2, hurl damnation, high mp 1, mutation resistance 1, nightstalker 3,
sense surroundings 1, spiny 3, wild magic 1, flame cloud immunity
}: 9/15 runes: decaying, serpentine, slimy, silver, abyssal, demonic, glowing,
magical, dark
a: Hurl Damnation, Recall Ancestor, Ancestor Identity, Transference, Idealise,
Renounce Religion


You were in Pandemonium.
You worshipped Hepliaklqana.
Hepliaklqana was exalted by your worship.
You were not hungry.

You visited 12 branches of the dungeon, and saw 58 of its levels.
You visited Pandemonium 1 time, and saw 15 of its levels.
You visited the Abyss 1 time.
You visited 2 bazaars.
You visited 1 ziggurat, and saw 15 of its levels.
You also visited: Trove, Gauntlet, Ice Cave and Wizlab.

You collected 11032 gold pieces.
You spent 9586 gold pieces at shops.

Inventory:

Hand Weapons
 c - the +8 autumn katana {slice, Clar}
   (You found it in a treasure trove)

   It inflicts extra damage upon your enemies.
   It protects you against confusion.
 I - the +7 double sword of the Valley (weapon) {vamp, rF+ rN++ MR- SInv}
   (You found it in a treasure trove)

   It inflicts no extra harm, but heals its wielder when it wounds a living foe.
   It protects you from fire.
   It greatly protects you from negative energy.
   It affects your resistance to hostile enchantments.
   It lets you see invisible.
 L - the +11 long sword of World Downfall {antimagic, rElec rN+ Int+2 Dex+3}
   (You found it on level 13 of a ziggurat)

   It reduces the magical energy of the wielder, and disrupts the spells and
   magical abilities of those hit.
   Natural abilities and divine invocations are not affected.
   It affects your intelligence (+2).
   It affects your dexterity (+3).
   It insulates you from electricity.
   It protects you from negative energy.
 V - a +9 double sword of slicing
Missiles
 p - 5 throwing nets (quivered)
Armour
 b - quicksilver dragon scales (worn)
 d - the +8 large shield "Witaum" (worn) {rN+ MR+ Regen+}
   (You took it off a daeva on level 5 of the Abyss)

   It protects you from negative energy.
   It affects your resistance to hostile enchantments.
   It increases your rate of regeneration.
 e - a +2 pair of gloves (worn)
 h - a +2 pair of boots of running (worn)
 O - a +2 cloak of magic resistance (worn)
Jewellery
 i - the ring "Olaenoass" (left hand) {rElec rC+ MP+9 Dex+2 Stlth-}
   (You found it in an ice cave)

   [ring of protection from cold]

   It affects your dexterity (+2).
   It protects you from cold.
   It insulates you from electricity.
   It affects your magic capacity (+9).
   It makes you less stealthy.
 E - the amulet of Vitality (around neck) {Regen+ HP+15}
   (You found it on level 3 of the Depths)

   [amulet of regeneration]

   It affects your health (+15).
   It increases your rate of regeneration.
 H - the ring of Xom's Full Attention {rN+ rCorr Str+3 Int+4}
   (You found it in a wizard's laboratory)

   [ring of resist corrosion]

   It affects your strength (+3).
   It affects your intelligence (+4).
   It protects you from negative energy.
   It provides partial protection from all sources of acid and corrosion.
 N - the ring "Gazidee" (right hand) {rPois rF+ rC+ Str+2 Int-3}
   (You bought it in a shop on level 2 of the Orcish Mines)

   [ring of poison resistance]

   It affects your strength (+2).
   It affects your intelligence (-3).
   It protects you from fire.
   It protects you from cold.
   It protects you from poison.
 X - the amulet of the Four Winds {rN+ MR+++ Clar}
   (You found it on level 15 of a ziggurat)

   [amulet of nothing]

   It protects you from negative energy.
   It affects your resistance to hostile enchantments.
   It protects you against confusion.
Wands
 l - a wand of digging (16)
 G - a wand of iceblast (51)
 R - a wand of acid (25)
Scrolls
 j - 20 scrolls of teleportation
 o - 33 scrolls of remove curse
 q - a scroll of silence
 s - 5 scrolls of identify
 u - 10 scrolls of fog
 v - 4 scrolls of magic mapping
 x - 2 scrolls of enchant armour
 C - 13 scrolls of immolation
 P - 7 scrolls of blinking
Potions
 a - 9 potions of resistance
 g - a potion of ambrosia
 k - 3 potions of magic
 m - 7 potions of might
 n - 9 potions of heal wounds
 r - 5 potions of brilliance
 w - 14 potions of mutation
 z - a potion of berserk rage
 A - 22 potions of curing
 B - 5 potions of flight
 F - a potion of haste
 Y - 2 potions of cancellation
Miscellaneous
 Q - 2 phantom mirrors
Comestibles
 f - 68 rations


   Skills:
 O Level 27 Fighting
 + Level 21.2 Long Blades
   Level 2.6 Polearms
 - Level 1.7 Throwing
 + Level 14.8 Armour
 - Level 20.0 Dodging
 + Level 19.2 Stealth
 - Level 25.0 Shields
 + Level 10.0 Spellcasting
 - Level 8.0 Charms
 + Level 13.5 Necromancy
 - Level 16.0 Invocations


You had 36 spell levels left.
You knew the following spells:

 Your Spells              Type           Power        Failure   Level  Hunger
a - Regeneration          Chrm/Necr      ######....   1%          3    #......
c - Borgnjor's Vile Clut  Necr/Erth      #####.....   4%          5    #####..
s - Song of Slaying       Chrm           #####...     1%          2    None

Your spell library contained the following spells:

 Spells                   Type           Power        Failure   Level  Hunger
 Animate Skeleton         Necr           N/A          1%          1    None
 Infusion                 Chrm           ####         1%          1    None
 Pain                     Necr           ####         1%          1    None
 Corpse Rot               Necr           N/A          1%          2    None
 Shroud of Golubria       Chrm/Tloc      ####..       1%          2    None
 Sublimation of Blood     Necr           ######....   1%          2    None
 Swiftness                Chrm/Air       ####....     1%          2    None
 Ozocubu's Armour         Chrm/Ice       ####....     1%          3    #......
 Spectral Weapon          Hex/Chrm       ####....     1%          3    #......
 Vampiric Draining        Necr           ######....   1%          3    #......
 Animate Dead             Necr           N/A          1%          4    ###....
 Agony                    Necr           ######..     1%          5    #####..
 Dispel Undead            Necr           ######..     1%          5    #####..
 Excruciating Wounds      Chrm/Necr      ######....   1%          5    #####..
 Apportation              Tloc           ###...       2%          1    None
 Beastly Appendage        Tmut           ###...       2%          1    None
 Corona                   Hex            ###....      2%          1    None
 Flame Tongue             Conj/Fire      ###..        2%          1    None
 Freeze                   Ice            ###.         2%          1    None
 Magic Dart               Conj           ###.         2%          1    None
 Sandblast                Erth           ###...       2%          1    None
 Shock                    Conj/Air       ###.         2%          1    None
 Sting                    Conj/Pois      ###.         2%          1    None
 Summon Butterflies       Summ           ###.....     2%          1    None
 Summon Small Mammal      Summ           ###.         2%          1    None
 Blink                    Tloc           N/A          3%          2    None
 Call Imp                 Summ           ###.....     3%          2    None
 Ensorcelled Hibernation  Hex/Ice        ###...       3%          2    None
 Passwall                 Tmut/Erth      ###.....     3%          2    None
 Poisonous Vapours        Pois/Air       ###...       3%          2    None
 Searing Ray              Conj           ###...       3%          2    None
 Slow                     Hex            ###.....     3%          2    None
 Throw Flame              Conj/Fire      ###...       3%          2    None
 Throw Frost              Conj/Ice       ###...       3%          2    None
 Bolt of Draining         Conj/Necr      #####.....   4%          5    #####..
 Call Canine Familiar     Summ           ###.....     6%          3    #......
 Confuse                  Hex            ###.....     6%          3    #......
 Conjure Flame            Conj/Fire      ###.....     6%          3    #......
 Dazzling Spray           Conj/Hex       ###...       6%          3    #......
 Gell's Gravitas          Tloc           ###.......   6%          3    #......
 Ignite Poison            Fire/Tmut/Pois ###.....     6%          3    #......
 Inner Flame              Hex/Fire       ###.....     6%          3    #......
 Lesser Beckoning         Tloc           ###.......   6%          3    #......
 Mephitic Cloud           Conj/Pois/Air  ###.....     6%          3    #......
 Portal Projectile        Hex/Tloc       ###...       6%          3    #......
 Recall                   Summ/Tloc      N/A          6%          3    #......
 Static Discharge         Conj/Air       ###.....     6%          3    #......
 Stone Arrow              Conj/Erth      ###...       6%          3    #......
 Summon Guardian Golem    Hex/Summ       ###.....     6%          3    #......
 Teleport Other           Tloc           ###.....     6%          3    #......
 Tukima's Dance           Hex            ###.....     6%          3    #......
 Iskenderun's Battlesphe  Conj/Chrm      ####....     11%         5    #####..
 Airstrike                Air            ###.......   17%         4    ###....
 Cause Fear               Hex            ###.......   17%         4    ###....
 Force Lance              Conj/Tloc      ###.....     17%         4    ###....
 Fulminant Prism          Conj/Hex       ###.......   17%         4    ###....
 Ice Form                 Ice/Tmut       ###.....     17%         4    ###....
 Iskenderun's Mystic Bla  Conj           ###.....     17%         4    ###....
 Leda's Liquefaction      Hex/Erth       ###.......   17%         4    ###....
 Olgreb's Toxic Radiance  Pois           ###.....     17%         4    ###....
 Passage of Golubria      Tloc           N/A          17%         4    ###....
 Petrify                  Tmut/Erth      ###.....     17%         4    ###....
 Sticky Flame             Conj/Fire      ###.....     17%         4    ###....
 Summon Ice Beast         Ice/Summ       ###.....     17%         4    ###....
 Summon Lightning Spire   Summ/Air       ###.....     17%         4    ###....
 Throw Icicle             Conj/Ice       ###.....     17%         4    ###....
 Simulacrum               Ice/Necr       #####.....   17%         6    ######.
 Borgnjor's Revivificati  Necr           ######....   36%         8    #######
 Infestation              Necr           ######....   36%         8    #######
 Alistair's Intoxication  Tmut/Pois      ###.....     38%         5    #####..
 Bolt of Magma            Conj/Fire/Erth ###.......   38%         5    #####..
 Fireball                 Conj/Fire      ###.......   38%         5    #####..
 Irradiate                Conj/Tmut      ###.......   38%         5    #####..
 Lee's Rapid Deconstruct  Erth           ###.......   38%         5    #####..
 Lightning Bolt           Conj/Air       ###.......   38%         5    #####..
 Metabolic Englaciation   Hex/Ice        ###.......   38%         5    #####..
 Silence                  Hex/Air        ###.......   38%         5    #####..
 Summon Forest            Summ/Tloc      ###.......   38%         5    #####..
 Summon Mana Viper        Hex/Summ       ###.....     38%         5    #####..
 Venom Bolt               Conj/Pois      ###.......   38%         5    #####..
 Yara's Violent Unravell  Hex/Tmut       ###.......   38%         5    #####..
 Deflect Missiles         Chrm/Air       ####......   41%         6    ######.
 Haunt                    Necr/Summ      #####.....   56%         7    #######
 Death's Door             Chrm/Necr      ######....   69%         8    #######
 Bolt of Cold             Conj/Ice       ###.......   86%         6    ######.
 Bolt of Fire             Conj/Fire      ###.......   86%         6    ######.
 Conjure Ball Lightning   Conj/Air       ###.......   86%         6    ######.
 Darkness                 Hex            ###.......   86%         6    ######.
 Dispersal                Tloc           ###.......   86%         6    ######.
 Freezing Cloud           Conj/Ice/Air   ###.......   86%         6    ######.
 Hydra Form               Tmut           ###.......   86%         6    ######.
 Invisibility             Hex            ###.....     86%         6    ######.
 Iron Shot                Conj/Erth      ###.......   86%         6    ######.
 Ozocubu's Refrigeration  Ice            ###.......   86%         6    ######.
 Shadow Creatures         Summ           N/A          86%         6    ######.
 Statue Form              Tmut/Erth      ###......    86%         6    ######.
 Ring of Flames           Chrm/Fire      ####......   87%         7    #######
 Necromutation            Tmut/Necr      #####.....   98%         8    #######
 Dragon Form              Tmut           ###.......   100%        7    #######
 Orb of Destruction       Conj           ###.......   100%        7    #######
 Spellforged Servitor     Conj/Summ      ###.......   100%        7    #######
 Summon Hydra             Summ           ###.......   100%        7    #######
 Controlled Blink         Tloc           N/A          100%        8    #######
 Discord                  Hex            ###.......   100%        8    #######
 Disjunction              Tloc           ###.......   100%        8    #######
 Ignition                 Fire           ###.......   100%        8    #######
 Dragon's Call            Summ           ###.......   100%        9    #######
 Shatter                  Erth           ###.......   100%        9    #######
 Tornado                  Air            ###.......   100%        9    #######


Dungeon Overview and Level Annotations

Branches:
Dungeon (15/15)            Temple (1/1) D:6            Lair (6/6) D:9
  Swamp (4/4) Lair:4        Snake (4/4) Lair:2        Slime (5/5) Lair:6
    Orc (2/2) D:11            Elf (3/3) Orc:2        Vaults (5/5) D:14
  Crypt (3/3) Vaults:2       Tomb (0/3) Crypt:3      Depths (5/5) D:15
    Zot (5/5) Depths:5      IceCv (visited)          WizLab (visited)
Gauntlet (visited)

Altars:
Ashenzari
Cheibriados
Dithmenos
Elyvilon
Fedhas
Gozag
Hepliaklqana
Kikubaaqudgha
Makhleb
Nemelex Xobeh
Okawaru
Qazlal
Ru
Sif Muna
Trog
Uskayaw
Vehumet
Wu Jian
Xom
Zin
The Shining One
Lugonu

Shops:
D:6 =   D:11 [(   D:14 *   D:15 (   Orc:2 ([*=(   Elf:1 %   Vaults:1 (
Vaults:4 ![!   Depths:2 %[*   Depths:5 *

Portals:
Hell: Depths:1 Depths:2 Depths:3 Depths:4 Depths:5
Abyss: Depths:2 Depths:4
Pandemonium: Depths:1 Depths:3

Annotations:
D:15 2 transporters, Kaer's ghost, adept DsFi
Lair:6 exclusion: 3 oklob plants
Elf:2 3 runed translucent doors
Vaults:3 Mennas
Pan Cerebov


Innate Abilities, Weirdness & Mutations

You have a pair of large horns on your head.
You are completely covered in icy blue scales. (AC +4, rC+)
Your flesh is very heat resistant. (rF++)
You can hurl damnation.
You are completely attuned to the shadows.
You are completely covered in sharp spines.
You are immune to clouds of flame.
Your life essence is reduced to manifest your ancestor. (-10% HP)
Your flesh is cold resistant. (rC+)
You have an increased reservoir of magic. (+10% MP)
You are somewhat resistant to further mutation.
You passively map a small area around you.
Your spells are a little harder to cast, but a little more powerful.


Message History

You feel strangely unstable.
Your skin is crawling a little less now.
Cerebov gestures at you.
A raging storm of fire appears!
The great blast of fire engulfs you!! You partially resist.
* * * LOW HITPOINT WARNING * * *
The great blast of fire engulfs your ynoxinul!!!!
Your ynoxinul is burned terribly!
Your ynoxinul dies!
The great blast of fire engulfs Cerebov!
Cerebov partially resists.
The great blast of fire engulfs your sun demon!!
Your sun demon partially resists.
Your sun demon dies!
The great blast of fire engulfs your orange demon!!!!
Your orange demon dies! 5 fire vortices come into view.
Cerebov gestures at you. The iron shot hits you!!!
You die...

......#,,*,,*,#&..#.#,,*#.#*,,,,*
....#.####+**.......##+*#.#*,,,,*
....R.'..#,,...........*#.#,,,,,*
....#.#..#,,.....§.....*#.#*,,,,*
......#..#,,,..§§§.....*#.#*,,,,*
....#.#.R#,,,,#&v3#....*#.#,,,,,*
.)....#..#,,,##§§§##...*#.#*,,,,*
#.#.#.#..#####§§○v○####*#.#*,,,,*
......#.....§§vv@○v...###.#,,,,,*
#'#####################...#*,,,,*
#.#####################.'####,,,*
#.......................#...#,,,*
#########################)=)#,,,*
* *,**,,##..##..##..##..#...#,,,*
* *,,,,......)..........#####,,,*
***,,,,.......))..........,,,,,,*
,,,,,,,...................,,,,,,*


You could see Cerebov, 5 fire vortices and a friendly ynoxinul.

Vanquished Creatures
  the Royal Jelly (Slime:5)
  Gloorx Vloq (Pan)
  Mnoleg (Pan)
  2 orbs of fire
  2 juggernauts
  3 ancient liches
  Sojobo (Vaults:5)
  3 greater mummies
  Bai Suzhen (Vaults:4)
  8 Killer Klowns
  2 curse toes
  8 pandemonium lords
  Saint Roka (Snake:3)
  2 caustic shrikes (shapeshifter) (Zig:7)
  A caustic shrike (Depths:4)
  A bone dragon (Crypt:3)
  12 golden dragons
  A profane servitor (Abyss:5)
  2 Brimstone Fiends (Pan)
  5 electric golems
  4 Tzitzimimeh
  Jorgrun (D:15)
  An iron giant (shapeshifter) (Zig:3)
  15 tentacled monstrosities
  A hellephant (Abyss:5)
  15 Orb Guardians (Zot:5)
  An Ice Fiend (Zig:5)
  8 liches
  9 titans
  2 deep elf blademasters (Elf:3)
  9 quicksilver dragons
  13 Executioners (Pan)
  An eldritch tentacle (Pan)
  2 deep elf master archers (Elf:3)
  8 tentacled starspawn
  7 acid blobs
  3 sphinxes
  6 ancient champions
  8 death cobs
  3 shadow dragons
  A thorn hunter (Swamp:4)
  Roxanne (D:14)
  10 storm dragons
  5 tengu reavers
  2 draconian monks (Zot:3)
  17 fire giants
  3 iron dragons
  10 azure jellies
  A frost giant (shapeshifter) (Vaults:5)
  A daeva (Abyss:5)
  8 nagarajas
  2 revenants
  5 draconian knights
  The ghost of Ficoysum the Archer, a journeyman GnWn of Zin (D:14)
  5 deep elf sorcerers
  4 draconian scorchers
  The ghost of Nilihum the Bludgeoner, a journeyman HuFi of Okawaru (Orc:1)
  10 frost giants
  9 vault wardens
  8 ghost moths
  7 warmongers
  27 balrugs
  12 cacodemons
  3 draconian shifters
  4 orc warlords
  The ghost of Flugslaktarn the Severer, a journeyman MiFi of Cheibriados (Orc:2)
  5 curse skulls
  7 ghouls
  10 draconian annihilators
  2 emperor scorpions
  22 stone giants
  4 deep elf elementalists
  2 war gargoyles
  A spriggan defender (Depths:5)
  A stone giant (shapeshifter) (Zig:7)
  3 entropy weavers
  2 corrupters (Pan)
  7 reapers
  15 ironheart preservers
  12 very ugly things
  5 blood saints
  2 vampire knights
  A black sun (Pan)
  2 dire elephants (Zot:2)
  4 lorocyprocas (Pan)
  4 deep elf demonologists
  A spark wasp (shapeshifter) (Depths:3)
  7 black draconians
  4 red draconians
  Azrael (Elf:1)
  11 white draconians
  4 green draconians
  10 yellow draconians
  A minotaur (Gauntlet)
  6 deep elf annihilators
  7 spark wasps
  3 purple draconians
  4 green deaths (Pan)
  17 ettins
  5 mummy priests
  4 blizzard demons (Pan)
  2 eidola (Crypt:3)
  12 fire dragons
  4 death oozes
  10 jiangshi
  4 deep elf high priests
  A merfolk impaler (Depths:5)
  13 yaktaur captains
  5 deep elf death magi
  20 great orbs of eyes
  7 ice dragons
  An ice dragon (shapeshifter) (Vaults:2)
  10 naga warriors
  2 spriggan air magi (Depths:4)
  8 rakshasas
  2 ghost crabs
  Erica (D:8)
  Harold (D:8)
  A catoblepas (Gauntlet)
  2 alligator snapping turtles (Zig:14)
  2 hell beasts
  13 centaur warriors
  22 vault guards
  15 hydras
  4 monstrous demonspawn (Pan)
  8 anacondas
  8 tengu warriors
  21 two-headed ogres
  6 alligators
  12 death yaks
  12 dancing weapons
  5 death knights
  2 death scarabs (Gauntlet)
  8 ogre magi
  6 hell hogs
  7 deep troll shamans
  7 orc high priests
  6 deep troll earth magi
  15 thrashing horrors
  5 spriggan berserkers
  9 vampire magi
  6 naga sharpshooters
  2 spriggans
  6 shock serpents
  11 deep elf knights
  28 sun demons
  17 soul eaters
  A spectral death yak (Gauntlet)
  5 shadow wraiths
  Nergalle (Lair:3)
  A spectral spriggan (Zig:4)
  6 hell knights
  10 sixfirhies
  A storm dragon skeleton (Pan)
  18 deep trolls
  4 spatial maelstroms
  8 wretched stars
  4 sea snakes (Snake:2)
  18 skeletal warriors
  2 glowing orange brains (shapeshifter)
  5 iron trolls
  An entropy weaver zombie (Vaults:3)
  6 torturous demonspawn (Pan)
  An unseen horror (shapeshifter) (Vaults:3)
  30 starcursed masses
  10 deep elf archers
  A spriggan druid (Swamp:3)
  7 flayed ghosts
  A salamander mystic (Snake:3)
  8 naga ritualists
  3 gelid demonspawn (Pan)
  3 infernal demonspawn (Pan)
  5 swamp dragons (Swamp:4)
  11 unseen horrors
  5 necromancers
  A lindwurm (Zig:15)
  8 phantasmal warriors
  4 obsidian statues
  2 shadow demons (Pan)
  2 orange crystal statues
  51 deep elf magi
  13 glowing orange brains
  17 wizards
  An orb spider (Zig:12)
  15 ironbrand convokers
  12 orc knights
  5 mana vipers
  3 spectral hydras (Gauntlet)
  Pikel (D:7)
  An orb spider (shapeshifter) (Vaults:5)
  3 harpies (Depths:3)
  5 orc sorcerers
  7 cyclopes
  14 ugly things
  9 salamanders
  2 mana vipers (shapeshifter)
  6 shining eyes
  26 moths of wrath
  6 manticores
  A cyclops (shapeshifter) (Depths:3)
  8 wolf spiders
  3 apocalypse crabs
  A black mamba (shapeshifter) (Depths:1)
  A worldbinder (Abyss:5)
  12 elephants
  A dire elephant zombie (Abyss:5)
  18 naga magi
  A frost giant skeleton (Zig:9)
  2 stone giant skeletons (Vaults:3)
  Joseph (D:9)
  An eye of devastation (shapeshifter) (D:15)
  17 vault sentinels
  An ice statue (IceCv)
  24 black mambas
  10 eyes of devastation
  11 orange demons
  A rust devil (Pan)
  A fire giant skeleton (Crypt:3)
  32 smoke demons
  A torpor snail (Lair:6)
  A catoblepas zombie (Crypt:3)
  6 guardian serpents
  3 gargoyles
  8 demonic crawlers
  2 kobold demonologists (D:14)
  12 komodo dragons
  14 spiny frogs
  An efreet (Pan)
  6 hellions
  A rime drake (IceCv)
  A rime drake (shapeshifter) (Vaults:1)
  8 freezing wraiths
  33 yaktaurs
  An elf (Depths:2)
  2 ice devils
  6 hellwings
  18 red devils (Pan)
  A tormentor (Zig:7)
  A polar bear (shapeshifter) (Vaults:2)
  A merfolk (shapeshifter) (Vaults:3)
  6 ancient zymes
  13 guardian mummies
  3 tengu conjurers
  A redback zombie (D:12)
  9 trolls
  3 jumping spiders
  A hydra zombie (Abyss:1)
  A silent spectre (Abyss:4)
  2 merfolk
  A moth of wrath zombie (Crypt:3)
  9 polar bears
  4 tyrant leeches
  14 raiju
  8 hornets
  A blink frog (shapeshifter) (Zig:7)
  17 blink frogs
  A raiju (shapeshifter) (D:13)
  A tengu simulacrum (Vaults:3)
  36 slime creatures
  5 bog bodies
  7 hippogriffs
  12 small abominations
  29 large abominations
  A fire dragon zombie (Crypt:2)
  3 flying skulls
  4 air elementals
  5 tarantellas
  7 redbacks
  A spriggan (shapeshifter) (D:13)
  A centaur simulacrum (D:15)
  2 shadows
  2 tarantellas (shapeshifter)
  9 wraiths
  13 ynoxinuls
  7 wyverns
  An ushabti (Zig:9)
  2 water elementals
  2 vampires
  A wyvern (shapeshifter) (Vaults:5)
  A hog (shapeshifter) (D:15)
  3 hogs (D:14)
  5 fire elementals
  4 basilisks
  A hungry ghost (D:11)
  A steam dragon (D:8)
  11 golden eyes
  9 vampire mosquitoes
  9 neqoxecs
  47 yaks
  3 humans
  A basilisk (shapeshifter) (Vaults:1)
  7 chaos spawn
  10 wargs
  A swamp worm (shapeshifter) (Depths:2)
  4 swamp worms
  30 nagas
  4 acid dragons
  7 hell hounds
  13 porcupines
  3 floating eyes
  A deep troll skeleton (Crypt:1)
  24 water moccasins
  45 orc warriors
  7 swamp drakes
  A gelid demonspawn skeleton (Crypt:1)
  A two-headed ogre skeleton (Crypt:3)
  A slave (D:7)
  An ice dragon simulacrum (Abyss:4)
  A black bear (D:10)
  3 eyes of draining
  2 phantoms (D:9)
  5 ice beasts
  2 sky beasts
  19 ogres
  A boggart (shapeshifter) (Vaults:5)
  12 centaurs
  3 necrophages (Crypt:2)
  23 wolves
  6 boggarts
  A human skeleton (Vaults:3)
  10 crocodiles
  A draconian zombie (Crypt:3)
  8 big kobolds
  An octopode zombie (Crypt:1)
  A gnoll sergeant (Orc:2)
  23 bullfrogs
  2 cyclops zombies
  2 wyvern zombies
  A hippogriff skeleton (Crypt:1)
  A salamander skeleton (Crypt:2)
  A spectral warg (Depths:2)
  An earth elemental (Elf:1)
  A wyvern skeleton (D:8)
  2 scorpions (D:6)
  A killer bee (D:8)
  An elf simulacrum (Vaults:2)
  An orc simulacrum (Vaults:1)
  7 wights
  An electric eel (Snake:2)
  14 crimson imps
  2 bullfrog zombies
  2 centaur zombies
  2 quasits
  A gnoll shaman (D:6)
  8 hounds
  15 jellies
  19 orc priests
  7 centaur skeletons
  7 iron imps
  6 iguanas
  28 orc wizards
  8 worker ants
  A big kobold zombie (Crypt:1)
  A dwarf skeleton (Crypt:1)
  A hound zombie (D:9)
  2 hound skeletons
  9 mummies
  A worker ant zombie (D:5)
  4 gnolls (D:6)
  A steam dragon zombie (Crypt:2)
  11 adders
  4 shadow imps
  6 white imps
  3 ufetubi
  2 oozes
  A lava snake zombie (Crypt:2)
  3 adder skeletons
  An adder zombie (D:9)
  A worm (D:2)
  A worm (shapeshifter) (Abyss:4)
  2 dart slugs (D:1)
  4 leopard geckos
  104 orcs
  A ball python (D:1)
  6 bats
  A giant cockroach (D:5)
  6 goblins
  7 hobgoblins
  6 jackals
  5 quokkas
  5 frilled lizards
  A gnoll skeleton (Crypt:3)
  3 goblin skeletons (D:7)
  2 goblin zombies (D:7)
  2 hobgoblin zombies (D:7)
  A jackal zombie (D:8)
  25 kobolds
  A kobold zombie (D:7)
  A leopard gecko skeleton (D:3)
  An orc skeleton (D:7)
  An orc zombie (D:7)
  2 quokka skeletons
  A quokka zombie (D:8)
  7 rats
  2 briar patches (Swamp:2)
  3 bushes (D:14)
  A fungus (Lair:6)
  A plant (D:14)
  3 starspawn tentacles (Abyss:5)
2583 creatures vanquished.

Vanquished Creatures (collateral kills)
  A pandemonium lord (Pan)
  Lom Lobon (Pan)
  An ancient lich (Vaults:5)
  2 orbs of fire
  4 Killer Klowns
  Xtahua (Crypt:2)
  2 curse toes
  3 golden dragons
  A bone dragon (Depths:5)
  A Tzitzimitl (Pan)
  2 electric golems
  4 liches
  A Brimstone Fiend (Pan)
  8 tentacled monstrosities
  An Ice Fiend (Pan)
  A moon troll (WizLab)
  10 Orb Guardians (Zot:5)
  5 quicksilver dragons
  A deep elf blademaster (Elf:3)
  4 acid blobs
  A death cob (Zot:5)
  4 Executioners
  3 ancient champions
  Agnes (D:14)
  Kirke (D:14)
  4 shadow dragons
  2 storm dragons
  6 tentacled starspawn
  3 sphinxes (Vaults:5)
  2 tengu reavers
  4 draconian monks
  A revenant (Crypt:3)
  3 frost giants
  7 fire giants
  4 draconian knights
  3 iron dragons
  2 vault wardens (Vaults:5)
  3 nagarajas
  4 cacodemons
  A ghost moth (Zot:5)
  2 deep elf sorcerers
  4 deep elf elementalists
  A draconian shifter (Zot:3)
  Aizul (Snake:3)
  4 balrugs (Pan)
  2 draconian scorchers
  A warmonger (Pan)
  2 draconian stormcallers
  An ironheart preserver (Vaults:5)
  A spriggan defender (Depths:4)
  A reaper (Pan)
  5 ghouls
  9 stone giants
  A war gargoyle (Vaults:5)
  5 very ugly things
  4 blood saints
  3 corrupters (Pan)
  2 vampire knights (Depths:3)
  7 green draconians
  A juggernaut skeleton (Crypt:2)
  3 lorocyprocas
  2 deep elf demonologists (Elf:3)
  4 black draconians
  3 deep elf annihilators
  A white draconian (Zot:4)
  3 red draconians
  3 yellow draconians
  A dire elephant (Zot:2)
  4 spark wasps
  An eidolon (Crypt:1)
  A death ooze (Zig:13)
  3 ettins
  3 blizzard demons (Pan)
  A green death (Pan)
  4 mummy priests
  3 deep elf death magi
  3 fire dragons
  The ghost of lollipopguild the Carver, a journeyman MiFi of Trog (D:12)
  A jiangshi (Crypt:3)
  5 naga warriors
  2 ice dragons
  6 rakshasas
  10 vault guards (Vaults:5)
  6 yaktaur captains
  5 monstrous demonspawn (Pan)
  2 hell beasts (Pan)
  2 alligator snapping turtles (Zig:14)
  9 hydras
  2 spriggan air magi
  A centaur warrior (D:14)
  4 two-headed ogres
  3 death knights
  2 merfolk aquamancers
  An ogre mage (Zig:10)
  2 anacondas
  A deep troll shaman (Depths:1)
  3 dancing weapons
  An alligator (shapeshifter) (Vaults:5)
  4 death yaks
  5 vampire magi
  A tengu warrior (Depths:3)
  A hell hog (Abyss:5)
  4 naga sharpshooters (Snake:4)
  A death scarab (Zig:9)
  2 shock serpents
  10 thrashing horrors
  A deep elf knight (Elf:3)
  13 sun demons
  3 hell knights
  2 salamander mystics
  7 soul eaters
  10 sixfirhies
  4 wretched stars
  12 large abominations
  2 sea snakes
  A shadow wraith (Pan)
  A death drake (shapeshifter) (Vaults:5)
  8 skeletal warriors
  A death drake (Abyss:3)
  2 gelid demonspawn (Pan)
  10 deep trolls
  A wizard (Vaults:3)
  3 naga ritualists (Snake:4)
  A glowing orange brain (WizLab)
  2 torturous demonspawn (Pan)
  3 ironbrand convokers (Vaults:5)
  4 deep elf archers
  3 flayed ghosts
  2 obsidian statues (Zig:10)
  4 orc knights
  4 mana vipers
  A wolf spider (Vaults:3)
  5 phantasmal warriors
  2 necromancers
  A harpy (shapeshifter) (Vaults:5)
  9 deep elf magi
  8 ugly things
  2 salamanders (Snake:4)
  An oklob plant (Lair:4)
  2 shining eyes
  A stone giant zombie (Zig:9)
  5 manticores
  2 orc sorcerers
  2 cyclopes
  An iron dragon skeleton (Zig:9)
  A centaur zombie (D:13)
  A salamander (shapeshifter) (Depths:1)
  An elephant (Zot:2)
  2 guardian serpents
  6 moths of wrath
  3 vault sentinels
  A torpor snail (Lair:6)
  An apocalypse crab (Abyss:2)
  2 rust devils
  An elephant (shapeshifter) (Depths:4)
  8 smoke demons
  9 black mambas
  An eye of devastation (Zig:13)
  A black mamba (shapeshifter) (Vaults:2)
  4 spiny frogs
  7 naga magi
  A dire elephant skeleton (Crypt:2)
  5 yaktaurs
  8 orange demons
  A rime drake (IceCv)
  2 freezing wraiths
  An efreet (Abyss:3)
  5 demonic crawlers (Pan)
  A komodo dragon (Lair:6)
  A tormentor (Pan)
  2 tengu conjurers
  5 hellwings
  A red draconian skeleton (Crypt:1)
  4 trolls
  5 guardian mummies
  A meliai (shapeshifter) (Vaults:5)
  9 red devils
  An ancient zyme (Abyss:5)
  5 polar bears (IceCv)
  A blink frog (Abyss:5)
  A meliai (D:12)
  16 slime creatures
  A wolf spider simulacrum (D:14)
  A bog body (Zig:14)
  9 raiju
  A redback (shapeshifter) (Depths:3)
  2 flying skulls (Abyss:5)
  An air elemental (Zig:11)
  A spriggan (shapeshifter) (D:15)
  A shadow (D:12)
  A redback (Zig:12)
  3 wyverns (Lair:6)
  3 water elementals
  A wind drake zombie (Crypt:3)
  2 ynoxinuls (Pan)
  7 wraiths
  8 yaks
  2 hogs (D:14)
  A fire elemental (Elf:2)
  A hog (shapeshifter) (Vaults:1)
  3 golden eyes
  6 chaos spawn
  4 humans (Zot:2)
  A hungry ghost (D:12)
  7 neqoxecs
  A swamp worm (Swamp:2)
  6 wargs
  11 nagas
  A hell hound (Depths:3)
  4 water moccasins
  A floating eye (Zig:13)
  A black bear (D:10)
  6 ice beasts
  5 small abominations
  13 orc warriors
  6 eyes of draining
  5 necrophages
  7 wolves
  7 ogres
  A killer bee (D:8)
  A boggart (D:12)
  5 centaurs
  2 crocodiles (Lair:6)
  2 big kobolds (D:14)
  2 bullfrogs
  An earth elemental (Elf:3)
  A spectral warg (Depths:2)
  An electric eel (Snake:2)
  A crimson imp (D:14)
  14 starcursed masses
  A hound (D:13)
  4 orc priests
  A jelly (D:14)
  6 orc wizards
  An iguana (D:11)
  A worker ant (D:12)
  A bullfrog simulacrum (D:12)
  A human simulacrum (Abyss:2)
  3 mummies
  A steam dragon zombie (Crypt:3)
  An adder (Lair:5)
  A white imp (Abyss:2)
  An ufetubus (D:14)
  An ooze (Lair:6)
  A leopard gecko (D:9)
  27 orcs
  5 kobolds
  A jackal skeleton (Crypt:1)
  A bush (D:14)
  2 demonic plants (Gauntlet)
  A fungus (Lair:5)
  2 plants
  9 starspawn tentacles
826 creatures vanquished.

Vanquished Creatures (others)
  A tentacled monstrosity (Vaults:5)
  Asterion (Depths:1)
  A deep elf master archer (Elf:3)
  An eldritch tentacle (Pan)
  A balrug (Pan)
  An emperor scorpion (Zig:14)
  A stone giant (Depths:3)
  A blizzard demon (Pan)
  An ogre mage (Vaults:3)
  A merfolk aquamancer (Zig:14)
  A hell hog (Abyss:5)
  2 naga sharpshooters (Snake:4)
  A swamp dragon (Zig:14)
  2 wizards (Pan)
  2 deep elf archers
  2 moths of wrath (Zot:1)
  A naga mage (Zig:15)
  A black mamba (Lair:6)
  A smoke demon (Pan)
  3 yaktaurs
  A hellwing (Pan)
  A raiju (Abyss:5)
  A golden eye (Pan)
  A yak (IceCv)
  A fire elemental (Elf:1)
  A large abomination (Abyss:3)
  A slave (D:7)
  2 centaurs
  A killer bee (D:8)
  36 knights
  An orc priest (Orc:2)
  2 ancestors
  An ufetubus (Abyss:2)
  9 ball lightnings (Pan)
  A kobold (Depths:2)
  6 briar patches (Swamp:2)
  A demonic plant (Abyss:5)
  16 fungi
  3 lurking horrors
  20 plants
  23 starspawn tentacles
155 creatures vanquished.

Grand Total: 3564 creatures vanquished

Notes
Turn   | Place    | Note
-------+----------+-------------------------------------------
     0 | D:1      | Dustman the Demonspawn Gladiator began the quest for the
                  | Orb.
     0 | D:1      | Reached XP level 1. HP: 16/16 MP: 1/1
   250 | D:1      | Gained mutation: You are slightly more attuned to the
                  | shadows. [demonic ancestry]
   250 | D:1      | Reached XP level 2. HP: 17/22 MP: 2/2
   427 | D:1      | Reached skill level 1 in Armour
   516 | D:2      | Reached XP level 3. HP: 26/28 MP: 3/3
   716 | D:1      | Reached skill level 3 in Fighting
   836 | D:2      | Reached XP level 4. HP: 35/35 MP: 4/4
  1378 | D:4      | Gained mutation: You are partially covered in icy blue
                  | scales. (AC +2) [demonic ancestry]
  1378 | D:4      | Reached XP level 5. HP: 41/41 MP: 5/5
  1705 | D:5      | Entered Level 5 of the Dungeon
  1759 | D:5      | Found a burning altar of Makhleb.
  1809 | D:5      | You fall into a shaft and drop 1 floor!
  1812 | D:6      | Noticed a water moccasin
  1826 | D:6      | Killed a water moccasin
  1826 | D:6      | Reached skill level 4 in Fighting
  1826 | D:6      | Reached XP level 6. HP: 48/48 MP: 6/6
  2139 | D:6      | Gained mutation: You are partially covered in sharp spines.
                  | [demonic ancestry]
  2139 | D:6      | Reached XP level 7. HP: 40/55 MP: 7/7
  2147 | D:6      | Found Qoliat's Jewellery Boutique.
  2242 | D:6      | Reached skill level 5 in Dodging
  2246 | D:6      | Reached skill level 5 in Fighting
  2276 | D:6      | Found a sacrificial altar of Ru.
  2597 | D:6      | Found a staircase to the Ecumenical Temple.
  2611 | Temple   | Entered the Ecumenical Temple
  3076 | D:6      | Gained mutation: You are mostly covered in sharp spines.
                  | [demonic ancestry]
  3076 | D:6      | Reached XP level 8. HP: 44/64 MP: 8/8
  3156 | D:7      | Found a glowing golden altar of the Shining One.
  3240 | D:7      | Found a snail-covered altar of Cheibriados.
  3291 | D:7      | Found a shimmering blue altar of Sif Muna.
  3449 | D:7      | Reached skill level 5 in Armour
  3505 | D:8      | Reached skill level 6 in Fighting
  3591 | D:8      | Noticed a two-headed ogre
  3607 | D:8      | Killed a two-headed ogre
  3607 | D:8      | Reached skill level 7 in Fighting
  3607 | D:8      | Reached XP level 9. HP: 18/72 MP: 9/9
  4257 | D:8      | Found a blossoming altar of Fedhas.
  4297 | D:9      | Found an iron altar of Okawaru.
  4353 | D:9      | Reached skill level 1 in Stealth
  4389 | D:9      | Noticed Joseph
  4422 | D:9      | Killed Joseph
  4422 | D:9      | Reached skill level 8 in Fighting
  4655 | D:9      | Killed an unseen horror
  4665 | D:9      | Found a staircase to the Lair.
  4666 | D:9      | Noticed a komodo dragon
  4779 | D:7      | Noticed Pikel
  4795 | D:7      | Killed Pikel
  4795 | D:7      | Gained mutation: You have a pair of small horns on your
                  | head. [demonic ancestry]
  4795 | D:7      | Reached XP level 10. HP: 77/82 MP: 10/10
  4801 | D:7      | Found an opulent altar of Gozag.
  4874 | D:6      | Bought an uncursed amulet of regeneration for 360 gold
                  | pieces
  4894 | D:6      | You fall into a shaft and drop 3 floors!
  4961 | D:8      | Noticed Erica
  5187 | D:8      | Noticed a two-headed ogre
  5205 | D:8      | Killed a two-headed ogre
  5205 | D:8      | Reached skill level 9 in Fighting
  5212 | D:8      | Noticed a two-headed ogre
  5222 | D:8      | Killed a two-headed ogre
  5392 | D:8      | Noticed Harold
  5398 | D:8      | Killed Harold
  5413 | D:8      | Killed Erica
  5413 | D:8      | Reached skill level 10 in Fighting
  5698 | D:9      | Reached skill level 1 in Long Blades
  5784 | D:9      | Reached skill level 10 in Dodging
  5784 | D:9      | Reached XP level 11. HP: 87/92 MP: 11/11
  5789 | Lair:1   | Entered Level 1 of the Lair of Beasts
  5848 | Lair:1   | Noticed a seven-headed hydra
  5993 | Lair:1   | Noticed a five-headed hydra
  6001 | Lair:1   | Killed a three-headed hydra
  6099 | Lair:1   | Reached skill level 11 in Fighting
  6196 | Lair:1   | Killed a four-headed hydra
  6499 | Temple   | Became a worshipper of Hepliaklqana the Forgotten
  6871 | Lair:2   | Found a staircase to the Snake Pit.
  6895 | Lair:2   | Reached skill level 5 in Long Blades
  7056 | Lair:2   | Reached XP level 12. HP: 33/91 MP: 12/12
  7220 | Lair:3   | Reached * piety under Hepliaklqana
  7349 | Lair:3   | Noticed Nergalle
  7373 | Lair:3   | Killed Nergalle
  7402 | Lair:3   | Reached skill level 12 in Fighting
  7402 | Lair:3   | Reached skill level 1 in Shields
  7524 | Lair:4   | Found a staircase to the Swamp.
  7626 | Lair:5   | Noticed a seven-headed hydra
  7632 | Lair:5   | Killed a four-headed hydra
  7645 | Lair:5   | Reached ** piety under Hepliaklqana
  7650 | Lair:5   | Remembered your ancestor Arrokoth as a knight
  7962 | Lair:6   | Entered Level 6 of the Lair of Beasts
  7993 | Lair:6   | Found a staircase to the Slime Pits.
  7998 | Lair:6   | Noticed a death yak
  8003 | Lair:6   | Noticed a death yak
  8004 | Lair:6   | Noticed a death yak
  8004 | Lair:6   | Noticed a death yak
  8169 | Lair:6   | Noticed a death yak
  8172 | Lair:6   | Noticed a death yak
  8178 | Lair:6   | Killed a death yak
  8178 | Lair:6   | Reached skill level 5 in Shields
  8187 | Lair:6   | Killed a death yak
  8187 | Lair:6   | Reached skill level 13 in Fighting
  8191 | Lair:6   | Killed a death yak
  8191 | Lair:6   | Gained mutation: You are significantly more attuned to the
                  | shadows. [demonic ancestry]
  8191 | Lair:6   | Reached XP level 13. HP: 86/99 MP: 13/13
  8611 | Lair:6   | Got a brightly glowing ring mail
  8832 | Slime:1  | Entered Level 1 of the Pits of Slime
  8933 | Lair:6   | Reached skill level 14 in Fighting
  9139 | Lair:6   | Reached *** piety under Hepliaklqana
  9326 | Lair:6   | Reached XP level 14. HP: 89/108 MP: 14/14
  9393 | Lair:6   | Reached skill level 10 in Long Blades
  9855 | Lair:4   | Identified the +2 ring mail of Pedemmaf {rF+ rN+ MR+ Str+3}
                  | (You found it on level 6 of the Lair of Beasts)
  9874 | Swamp:1  | Entered Level 1 of the Swamp
 10073 | Swamp:2  | Noticed a thorn hunter
 10147 | Swamp:3  | Noticed a cyan very ugly thing
 10163 | Swamp:4  | Entered Level 4 of the Swamp
 10210 | Swamp:4  | Noticed a thorn hunter
 10605 | Swamp:3  | Reached skill level 15 in Fighting
 10683 | Swamp:4  | Noticed a thorn hunter
 10695 | Swamp:4  | Killed a thorn hunter
 10769 | Swamp:4  | Got a decaying rune of Zot
 11004 | Swamp:2  | Noticed a tentacled monstrosity
 11043 | Swamp:1  | Reached skill level 10 in Shields
 11386 | D:9      | Reached XP level 15. HP: 116/116 MP: 13/15
 11420 | D:9      | Reached skill level 1 in Invocations
 11439 | D:9      | Reached **** piety under Hepliaklqana
 11493 | D:10     | Entered Level 10 of the Dungeon
 11801 | D:10     | Got an ivory dagger
 11810 | D:10     | Identified the +6 dagger of Butchery {venom, rElec rF- MR+
                  | Str+10} (You found it on level 10 of the Dungeon)
 11910 | D:11     | Found Zyhop's Armour Shoppe.
 11913 | D:11     | Found a staircase to the Orcish Mines.
 11932 | D:11     | Found Qaxkuekh's Weapon Shoppe.
 12076 | D:11     | Reached ***** piety under Hepliaklqana
 12114 | Orc:1    | Entered Level 1 of the Orcish Mines
 12235 | Orc:1    | Found a transporter.
 12316 | Orc:1    | Found a transporter.
 12340 | Orc:1    | Noticed Nilihum's ghost (journeyman HuFi)
 12372 | Orc:1    | Killed Nilihum's ghost
 12553 | Orc:2    | Entered Level 2 of the Orcish Mines
 12643 | Orc:2    | Found a gate leading to a gauntlet.
 12669 | Gauntlet | Entered a Gauntlet
 12669 | Gauntlet | Found a transporter.
 12669 | Gauntlet | Found a transporter.
 12694 | Gauntlet | Found a transporter.
 12709 | Gauntlet | Found a transporter.
 12717 | Gauntlet | Found a transporter.
 12717 | Gauntlet | Found a transporter.
 12717 | Gauntlet | Found a runed translucent gate.
 12717 | Gauntlet | Found a runed translucent gate.
 12718 | Gauntlet | Found a runed translucent gate.
 12718 | Gauntlet | Found a large runed translucent door.
 12718 | Gauntlet | Found a large runed translucent door.
 12720 | Gauntlet | Found a large runed translucent door.
 12721 | Gauntlet | Found a large runed translucent door.
 12733 | Gauntlet | Found a transporter.
 12733 | Gauntlet | Found a large runed translucent door.
 12746 | Gauntlet | Found a transporter.
 12755 | Gauntlet | Found a transporter.
 12800 | Gauntlet | Found a transporter.
 12806 | Gauntlet | Found a transporter.
 12916 | Gauntlet | Found a large runed translucent door.
 12916 | Gauntlet | Found a large runed translucent door.
 12918 | Gauntlet | Found a large runed translucent door.
 12918 | Gauntlet | Found a large runed translucent door.
 12918 | Gauntlet | Found a large runed translucent door.
 12919 | Gauntlet | Found a runed translucent door.
 12920 | Gauntlet | Found a transporter.
 12921 | Gauntlet | Found a runed translucent door.
 12922 | Gauntlet | Found a large runed translucent door.
 12922 | Gauntlet | Found a large runed translucent door.
 12922 | Gauntlet | Found a large runed translucent door.
 12923 | Gauntlet | Found a large runed translucent door.
 12924 | Gauntlet | Found a large runed translucent door.
 12926 | Gauntlet | Found a large runed translucent door.
 12997 | Gauntlet | Got a pitted granite ring
 13001 | Gauntlet | Identified the cursed ring "Tyehig" {-Tele rPois rN+ Str-3
                  | Dex+5} (You found it in a Gauntlet)
 13108 | Gauntlet | Identified the +8 dagger of Fate {venom, MR+}
 13346 | Orc:2    | Found a runed translucent door.
 13348 | Orc:2    | Noticed Flugslaktarn's ghost (journeyman MiFi)
 13366 | Orc:2    | Found Pyes's Antique Weapon Shoppe.
 13430 | Orc:2    | Noticed an orc warlord
 13518 | Orc:2    | HP: 5/117 [Flugslaktarn's ghost (2)]
 13882 | Orc:2    | Found a staircase to the Elven Halls.
 13888 | Orc:2    | Reached skill level 5 in Invocations
 14087 | Orc:2    | Killed an orc warlord
 14318 | Orc:2    | Found Zeaxiw's Antique Armour Boutique.
 14318 | Orc:2    | Found Ceumnits's General Store.
 14318 | Orc:2    | Found Roemud's Antique Weapon Boutique.
 14351 | Orc:2    | Killed Flugslaktarn's ghost
 14394 | Orc:2    | Found Ufrip's Jewellery Shop.
 14540 | Orc:2    | Bought a dazzling troll leather armour for 460 gold pieces
 14550 | Orc:2    | Bought the amulet "Qozoiw" {Acrobat Int+3} for 476 gold
                  | pieces
 14551 | Orc:2    | Bought a potion of agility for 56 gold pieces
 14551 | Orc:2    | Bought the ring "Gazidee" {rPois rF+ rC+ Str+2 Int-3} for
                  | 544 gold pieces
 14559 | Orc:2    | Bought a glowing cloak for 172 gold pieces
 14641 | D:11     | Identified the +2 troll leather armour "Diorid" {rPois
                  | Regen+ Int-3 Dex+9} (You bought it in a shop on level 2 of
                  | the Orcish Mines)
 15019 | D:12     | Reached skill level 16 in Fighting
 15189 | D:12     | Gained mutation: You are completely attuned to the shadows.
                  | [demonic ancestry]
 15189 | D:12     | Reached XP level 16. HP: 118/124 MP: 20/20
 15204 | D:12     | Found a frozen archway.
 15235 | IceCv    | Entered an ice cave
 15269 | IceCv    | Got a twitching golden ring
 15270 | IceCv    | Identified the ring "Olaenoass" {rElec rC+ MP+9 Dex+2
                  | Stlth-} (You found it in an ice cave)
 15401 | IceCv    | Reached skill level 5 in Stealth
 16214 | D:12     | Found a runed translucent gate.
 16214 | D:12     | Found a runed translucent gate.
 16215 | D:12     | Found a runed translucent gate.
 16237 | D:12     | Noticed lollipopguild's ghost (journeyman MiFi)
 16246 | D:12     | Killed lollipopguild's ghost
 16260 | D:12     | Got a translucent scale mail
 16494 | D:12     | Identified the +2 scale mail of Goshrouts {Regen+ Str+6}
                  | (You found it on level 12 of the Dungeon)
 16831 | D:13     | Got a scintillating steel ring
 16838 | D:13     | Identified the ring of Sogh {rElec EV+2} (You found it on
                  | level 13 of the Dungeon)
 17157 | D:13     | Reached ****** piety under Hepliaklqana
 17391 | D:14     | Found Hiwubus's General Store.
 17474 | D:14     | Noticed Kirke
 17493 | D:14     | Killed Kirke
 17533 | D:14     | Found a gate to the Vaults.
 17787 | D:14     | Found a runed translucent gate.
 17787 | D:14     | Found a runed translucent gate.
 17788 | D:14     | Found a runed translucent gate.
 17796 | D:14     | Noticed Ficoysum's ghost (journeyman GnWn)
 17829 | D:14     | Killed Ficoysum's ghost
 18108 | D:14     | Noticed Roxanne
 18126 | D:14     | Killed Roxanne
 18246 | D:14     | Noticed Agnes
 18258 | D:14     | Killed Agnes
 18608 | D:15     | Entered Level 15 of the Dungeon
 18608 | D:15     | Noticed Jorgrun
 18612 | D:15     | Noticed Kaer's ghost (adept DsFi)
 18618 | D:15     | Killed Jorgrun
 18626 | D:15     | Found a transporter.
 18649 | D:15     | Gained mutation: You are mostly covered in icy blue scales.
                  | (AC +3) [demonic ancestry]
 18649 | D:15     | Reached XP level 17. HP: 131/131 MP: 21/21
 18743 | D:15     | Found a staircase to the Depths.
 18815 | D:15     | Found a portal to a secret trove of treasure.
 18819 | D:15     | You paid a toll of a +4 demon blade to enter a treasure
                  | trove
 18820 | Trove    | Entered a treasure trove
 18823 | Trove    | Found the +8 autumn katana {slice, Clar}
 18824 | Trove    | Found the +12 glaive of Prune {chop}
 18832 | Trove    | Got a shimmering double sword
 18839 | Trove    | Got a crude double sword
 18862 | D:15     | Identified the +8 double sword of Awkwardness {pain, rPois
                  | Str+5 Int-2} (You found it in a treasure trove)
 18863 | D:15     | Identified the +7 double sword of the Valley {vamp, rF+
                  | rN++ MR- SInv} (You found it in a treasure trove)
 18909 | D:15     | Identified a ring of the Octopus King {rCorr AC+1 EV+1
                  | Str+1 Int+1 Dex+1}
 18914 | D:15     | Found Tyolleru's Weapon Shoppe.
 18984 | D:15     | Found a snail-covered altar of Cheibriados.
 19088 | D:15     | Found a transporter.
 19152 | Depths:1 | Entered Level 1 of the Depths
 19165 | Depths:1 | Found a gateway to Hell.
 19389 | Depths:1 | Reached skill level 17 in Fighting
 19543 | Depths:1 | Noticed Asterion
 19559 | Depths:1 | Killed Asterion
 19719 | Depths:1 | Identified the amulet of Goliguif {RegenMP rN+ SInv}
 19814 | Depths:1 | Found a one-way gate leading to the halls of Pandemonium.
 20104 | Depths:2 | Found a shattered altar of Ashenzari.
 20177 | Depths:2 | Noticed a golden dragon
 20184 | Depths:2 | Killed a golden dragon
 20205 | Depths:2 | Paralysed by a floating eye for 2 turns
 20545 | Depths:2 | Gained mutation: You are completely covered in sharp
                  | spines. [demonic ancestry]
 20545 | Depths:2 | Reached XP level 18. HP: 128/139 MP: 18/22
 20571 | Depths:2 | Found a one-way gate to the infinite horrors of the Abyss.
 20604 | Depths:2 | Found The Legendary Esal's Legendary Smithy.
 20645 | Depths:2 | Found Moylucyshi's Miraculous Elixirs.
 20677 | Depths:2 | Found Jack's Jerk-a-riffic Jerky.
 20745 | Depths:2 | Found Liusonk's Slaves and Accessories.
 20852 | Depths:2 | Found an ancient bone altar of Kikubaaqudgha.
 20917 | Depths:2 | Reached skill level 18 in Fighting
 21102 | Depths:2 | Noticed a lich
 21107 | Depths:2 | Killed a lich
 21527 | Vaults:1 | Entered Level 1 of the Vaults
 22032 | Vaults:3 | Paralysed by a wizard for 5 turns
 22065 | Vaults:3 | Reached skill level 15 in Dodging
 22128 | Vaults:3 | Gained mutation: Your flesh is heat resistant. (rF+)
                  | [demonic ancestry]
 22128 | Vaults:3 | Reached XP level 19. HP: 88/147 MP: 18/23
 22612 | Vaults:3 | Noticed Mennas
 23326 | Vaults:4 | Found Ykejes's Armour Shop.
 23389 | Vaults:4 | Found Onwaps's Distillery.
 23445 | Vaults:4 | Found a flickering gateway to a bazaar.
 23453 | Bazaar   | Entered a bazaar
 23467 | Bazaar   | Found Diuch's General Store.
 23467 | Bazaar   | Found Ihosm's Antique Weapon Shoppe.
 23489 | Bazaar   | Found Turul's Jewellery Emporium.
 23513 | Bazaar   | Found Rumiwke's Assorted Antiques.
 23517 | Bazaar   | Bought a potion of heal wounds for 85 gold pieces
 23517 | Bazaar   | Bought a scroll of blinking for 127 gold pieces
 23517 | Bazaar   | Bought a heavily runed plate armour for 476 gold pieces
 23517 | Bazaar   | Identified the cursed +1 plate armour "Ywnuel" {rC+ rN+}
                  | (You bought it in a shop in a bazaar)
 23530 | Bazaar   | Found Zukk's Armour Shoppe.
 23534 | Bazaar   | Bought a +1 pair of boots of flying for 231 gold pieces
 23578 | Vaults:4 | Noticed Bai Suzhen
 23596 | Vaults:4 | Killed Bai Suzhen
 23676 | Vaults:4 | Found Yfetutul's Distillery.
 23697 | Vaults:4 | Bought a potion of haste for 160 gold pieces
 23697 | Vaults:4 | Bought a potion of agility for 64 gold pieces
 23697 | Vaults:4 | Bought a potion of agility for 64 gold pieces
 23777 | Vaults:4 | Bought a potion of heal wounds for 75 gold pieces
 23777 | Vaults:4 | Bought a potion of resistance for 150 gold pieces
 23777 | Vaults:4 | Bought a potion of might for 60 gold pieces
 23777 | Vaults:4 | Bought a potion of might for 60 gold pieces
 23777 | Vaults:4 | Bought a potion of curing for 45 gold pieces
 23777 | Vaults:4 | Bought a potion of curing for 45 gold pieces
 23932 | Vaults:2 | Found a staircase to the Crypt.
 24050 | Vaults:2 | Reached skill level 19 in Fighting
 24059 | Vaults:2 | Reached skill level 15 in Long Blades
 24389 | Vaults:2 | Reached skill level 15 in Shields
 24695 | Vaults:1 | Gained mutation: You have a pair of horns on your head.
                  | [demonic ancestry]
 24695 | Vaults:1 | Reached XP level 20. HP: 156/156 MP: 24/24
 25321 | Elf:1    | Entered Level 1 of the Elven Halls
 25380 | Elf:1    | Noticed Azrael
 25385 | Elf:1    | Killed Azrael
 25434 | Elf:1    | Identified the Papyrus of Companions
 25614 | Elf:1    | Found Vaixumyu's Food Shop.
 26073 | Elf:2    | Found a flickering gateway to a bazaar.
 26079 | Bazaar   | Entered a bazaar
 26084 | Bazaar   | Found Lemuuj's Antique Weapon Boutique.
 26104 | Bazaar   | Found Xolehotu's General Store.
 26110 | Bazaar   | Found Joqood's Antique Armour Shop.
 26118 | Bazaar   | Found Darel's Book Shoppe.
 26121 | Bazaar   | Found Voareim's Book Shoppe.
 26142 | Bazaar   | Bought a spiked ring mail for 144 gold pieces
 26142 | Bazaar   | Bought a smoking chain mail for 152 gold pieces
 26148 | Bazaar   | Bought a scroll of fog for 20 gold pieces
 26162 | Bazaar   | Bought a book of Necromancy for 360 gold pieces
 26169 | Bazaar   | Learned a level 3 spell: Regeneration
 26180 | Bazaar   | Identified the +1 ring mail "Cacauw" {rF+++ rC- rN+ rCorr
                  | Dex+2} (You bought it in a shop in a bazaar)
 26202 | Bazaar   | Identified the cursed +0 chain mail of Words of Power
                  | {*Contam Dex+3 SInv} (You bought it in a shop in a bazaar)
 26317 | Elf:2    | Found a runed translucent gate.
 26317 | Elf:2    | Found a runed translucent gate.
 26317 | Elf:2    | Found a runed translucent gate.
 26517 | Elf:3    | Entered Level 3 of the Elven Halls
 27019 | Elf:3    | Found the +6 shillelagh "Devastator" {shatter}
 27032 | Elf:3    | Identified the +7 scimitar of the Penguin {speed, Int+3}
 27032 | Elf:3    | Identified the +1 robe "Juliokh" {+Blink MR++ Regen+ Dex-3}
 27044 | Elf:3    | Found the +2 shield of Resistance {rF+ rC+ MR+}
 27051 | Elf:3    | Gained mutation: You have a pair of large horns on your
                  | head. [demonic ancestry]
 27051 | Elf:3    | Reached XP level 21. HP: 102/163 MP: 27/27
 27097 | Elf:3    | Found the +0 sword of Power
 27098 | Elf:3    | Found the +3 salamander hide armour {+Rage rF++}
 27109 | Elf:3    | Got a fine lapis lazuli ring
 27116 | Elf:3    | Identified the Incunabulum of Quantum Earth
 27144 | Elf:3    | Got a crude shield
 27161 | Elf:3    | Got a smoking long sword
 27184 | Elf:3    | Identified the +9 shield of Neolerim {rF+ Str-4 SInv} (You
                  | found it on level 3 of the Elven Halls)
 27188 | Elf:3    | Identified the +4 long sword of Musifa {venom, +Fly Str+4}
                  | (You found it on level 3 of the Elven Halls)
 27190 | Elf:3    | Identified the ring of Quelisaq {MR+ Str+2} (You found it
                  | on level 3 of the Elven Halls)
 27714 | Snake:1  | Entered Level 1 of the Snake Pit
 27916 | Snake:1  | Reached skill level 1 in Necromancy
 28447 | Snake:1  | Reached skill level 1 in Charms
 28495 | Snake:2  | Reached skill level 1 in Spellcasting
 28826 | Snake:2  | Reached skill level 20 in Fighting
 28976 | Snake:3  | Noticed Aizul
 28984 | Snake:3  | Killed Aizul
 29098 | Snake:3  | Noticed Saint Roka
 29119 | Snake:3  | Killed Saint Roka
 29137 | Snake:3  | Reached skill level 10 in Invocations
 29248 | Snake:3  | Identified 2 scrolls of acquirement
 29249 | Snake:3  | Got a pair of translucent boots
 29251 | Snake:3  | Identified the -4 pair of boots "Kekydim" {rElec} (You
                  | acquired it on level 3 of the Snake Pit)
 29487 | Snake:4  | Entered Level 4 of the Snake Pit
 30063 | Snake:4  | Gained mutation: You are completely covered in icy blue
                  | scales. (AC +4, rC+) [demonic ancestry]
 30063 | Snake:4  | Reached XP level 22. HP: 171/171 MP: 29/29
 30132 | Snake:4  | Got a serpentine rune of Zot
 30508 | Slime:4  | Reached skill level 5 in Necromancy
 30543 | Slime:5  | Entered Level 5 of the Pits of Slime
 30603 | Slime:5  | Noticed the Royal Jelly
 30620 | Slime:5  | Killed the Royal Jelly
 30658 | Slime:5  | Paralysed by a great orb of eyes for 5 turns
 30683 | Slime:5  | Found the +2 hat of the Bear Spirit {Spirit, +Rage rN+
                  | MR++}
 30698 | Slime:5  | Got a slimy rune of Zot
 30817 | Slime:5  | Identified a +2 pair of boots of running (You found it on
                  | level 5 of the Pits of Slime)
 31291 | Vaults:1 | Found Nynot's Weapon Shop.
 31786 | Vaults:5 | Entered Level 5 of the Vaults
 31797 | Vaults:5 | Noticed an ancient lich
 31818 | Vaults:5 | Reached skill level 5 in Spellcasting
 31852 | Vaults:5 | Reached skill level 5 in Charms
 31904 | Vaults:5 | Reached skill level 10 in Stealth
 31911 | Vaults:5 | Killed an ancient lich
 31939 | Vaults:5 | Reached skill level 10 in Armour
 31993 | Vaults:5 | Reached XP level 23. HP: 135/177 MP: 31/31
 32018 | Vaults:5 | Identified the ring of Brilliance {rPois Int+4}
 32074 | Vaults:5 | Paralysed by a sphinx for 3 turns
 32268 | Vaults:5 | Noticed Sojobo
 32293 | Vaults:5 | Killed Sojobo
 32316 | Vaults:5 | Noticed a caustic shrike
 32316 | Vaults:5 | a shadow dragon changed into a caustic shrike
 32321 | Vaults:5 | a caustic shrike changed into an iron giant
 32344 | Vaults:5 | Got a vibrating lapis lazuli ring
 32348 | Vaults:5 | Identified the ring "Wegguji" {Ice Dex+4} (You found it on
                  | level 5 of the Vaults)
 32467 | Vaults:5 | Identified Sif Muna's Guide on Captivating Transformation
 32744 | Vaults:5 | Got a silver rune of Zot
 32842 | Vaults:5 | Identified Nireiwu's Guide on the Feathery Traveller
 32846 | Vaults:5 | Got a slimy plate armour
 32847 | Vaults:5 | Identified the +5 plate armour of Devotion {rC+ Str-2
                  | Stlth+} (You found it on level 5 of the Vaults)
 33097 | Vaults:5 | Got a shimmering shield
 33098 | Vaults:5 | Identified the +0 shield "Wetuarib" {Str+4} (You acquired
                  | it on level 5 of the Vaults)
 33489 | Depths:3 | Found a magical portal.
 33660 | WizLab   | Found a transporter.
 33771 | WizLab   | Got a vibrating ruby amulet
 33836 | WizLab   | Identified the amulet of the Three Yaks {Regen+ Int+5} (You
                  | found it in a wizard's laboratory)
 33913 | WizLab   | Paralysed by accursed screaming for 1 turns
 34114 | WizLab   | Found a transporter.
 34122 | WizLab   | Got a shimmering pewter ring
 34208 | WizLab   | Gained mutation: You are immune to clouds of flame.
                  | [demonic ancestry]
 34208 | WizLab   | Reached XP level 24. HP: 184/184 MP: 34/34
 34227 | WizLab   | Reached skill level 21 in Fighting
 34390 | WizLab   | Gained mutation: Scrolls take you a little longer to read.
                  | [a cacodemon]
 34755 | Depths:3 | Identified the ring of Xom's Full Attention {rN+ rCorr
                  | Str+3 Int+4} (You found it in a wizard's laboratory)
 35397 | Depths:3 | Found the amulet of Vitality {Regen+ HP+15}
 35721 | Depths:4 | Found a gateway to a ziggurat.
 35742 | Depths:4 | Found a corrupted altar of Lugonu.
 36092 | Depths:4 | Found a runed translucent door.
 36273 | Depths:4 | Gained mutation: You can hurl damnation. [demonic ancestry]
 36273 | Depths:4 | Reached XP level 25. HP: 192/192 MP: 35/35
 36313 | Depths:4 | Found a runed translucent door.
 36313 | Depths:4 | Found a runed translucent door.
 36344 | Depths:4 | Noticed a juggernaut
 36351 | Depths:4 | Killed a juggernaut
 36548 | Depths:5 | Entered Level 5 of the Depths
 36687 | Depths:5 | Found Cenuprit's Demolitions Depot.
 36780 | Depths:5 | Found a gate to the Realm of Zot.
 37667 | Crypt:1  | Entered Level 1 of the Crypt
 38406 | Crypt:1  | Noticed a greater mummy
 38423 | Crypt:1  | Killed a greater mummy
 38423 | Crypt:1  | Reached skill level 22 in Fighting
 38490 | Crypt:1  | Identified the Handbook of the Arsonist and Transmutation
 38811 | Crypt:2  | Reached skill level 15 in Invocations
 38920 | Crypt:2  | Noticed Xtahua
 38929 | Crypt:2  | Killed Xtahua
 38936 | Crypt:2  | Reached XP level 26. HP: 190/193 MP: 35/35
 39029 | Crypt:2  | Got a pair of encrusted boots
 39125 | Crypt:3  | Entered Level 3 of the Crypt
 39176 | Crypt:3  | Identified the +0 pair of boots "Fuogo" {Str+3 Stlth+} (You
                  | found it on level 2 of the Crypt)
 39734 | Crypt:3  | Found a staircase to the Tomb.
 39850 | Crypt:3  | Got a clouded golden ring
 39852 | Crypt:3  | Got a pair of pitted boots
 39868 | Crypt:3  | Identified the +3 scale mail "Dobasi" {rC++ rCorr Slay-3}
                  | (You found it on level 3 of the Crypt)
 39871 | Crypt:3  | Got a twitching crystal amulet
 39897 | Crypt:3  | Identified the amulet "Xupn" {Faith MR++} (You found it on
                  | level 3 of the Crypt)
 39900 | Crypt:3  | Identified the ring "Loapity" {-Tele +Fly rC+++ MR+ Stlth-}
                  | (You found it on level 3 of the Crypt)
 39903 | Crypt:3  | Identified the +4 pair of boots "Qusif" {+Fly rElec} (You
                  | found it on level 3 of the Crypt)
 40167 | Crypt:1  | Noticed a greater mummy
 40175 | Crypt:1  | Killed a greater mummy
 40641 | Zot:1    | Entered Level 1 of the Realm of Zot
 40798 | Zot:1    | Noticed an orb of fire
 40807 | Zot:1    | Gained mutation: Scrolls take you longer to read. [an orb
                  | of fire]
 40826 | Zot:1    | Gained mutation: You are frail. (-10% HP) [an orb of fire]
 40827 | Zot:1    | Gained mutation: You are dopey. (Int -2) [an orb of fire]
 40831 | Zot:1    | Gained mutation: You are very frail. (-20% HP) [an orb of
                  | fire]
 40837 | Zot:1    | Gained mutation: Your muscles are strong. (Str +2) [an orb
                  | of fire]
 40839 | Zot:1    | Killed an orb of fire
 41586 | Zot:2    | Reached XP level 27. HP: 162/162 MP: 35/35
 41724 | Zot:2    | Identified the +4 scale mail "Muvac" {rN+ Dex+6} (You found
                  | it on level 2 of the Realm of Zot)
 41807 | Zot:2    | Reached skill level 23 in Fighting
 41951 | Zot:2    | Got a steaming large shield
 41954 | Zot:2    | Identified the +0 large shield of Honour {rC+++ rN+ Str-5
                  | Dex-2} (You acquired it on level 2 of the Realm of Zot)
 42954 | Zot:4    | Noticed an orb of fire
 42962 | Zot:4    | Gained mutation: Your magical capacity is low. (-10% MP)
                  | [an orb of fire]
 42963 | Zot:4    | Gained mutation: Scrolls take you much longer to read. [an
                  | orb of fire]
 42968 | Zot:4    | Gained mutation: You are extremely frail. (-30% HP) [an orb
                  | of fire]
 42972 | Zot:4    | Killed an orb of fire
 42973 | Zot:4    | Lost mutation: Your magical capacity is low. (-10% MP)
                  | [potion of mutation]
 42973 | Zot:4    | Lost mutation: Scrolls take you much longer to read.
                  | [potion of mutation]
 42973 | Zot:4    | Gained mutation: You are very dopey. (Int -4) [potion of
                  | mutation]
 42973 | Zot:4    | Gained mutation: Potions are less effective at restoring
                  | your health. [potion of mutation]
 42973 | Zot:4    | Lost mutation: You are very dopey. (Int -4) [potion of
                  | mutation]
 42973 | Zot:4    | Lost mutation: Scrolls take you longer to read. [potion of
                  | mutation]
 43266 | Zot:5    | Entered Level 5 of the Realm of Zot
 43398 | Zot:4    | Reached skill level 24 in Fighting
 43672 | Zot:5    | Lost mutation: You are extremely frail. (-30% HP) [potion
                  | of mutation]
 43672 | Zot:5    | Lost mutation: Scrolls take you a little longer to read.
                  | [potion of mutation]
 43672 | Zot:5    | Lost mutation: You are very frail. (-20% HP) [potion of
                  | mutation]
 43672 | Zot:5    | Gained mutation: You are clumsy. (Dex -2) [potion of
                  | mutation]
 43672 | Zot:5    | Gained mutation: Your flesh is very heat resistant. (rF++)
                  | [potion of mutation]
 43681 | Zot:5    | Lost mutation: Your muscles are strong. (Str +2) [potion of
                  | mutation]
 43681 | Zot:5    | Lost mutation: You are frail. (-10% HP) [potion of
                  | mutation]
 43681 | Zot:5    | Lost mutation: You are dopey. (Int -2) [potion of mutation]
 43681 | Zot:5    | Gained mutation: Your system is resistant to poisons.
                  | (rPois) [potion of mutation]
 43681 | Zot:5    | Gained mutation: Your body sometimes deteriorates upon
                  | taking damage. [potion of mutation]
 43681 | Zot:5    | Gained mutation: Your spells are a little harder to cast,
                  | but a little more powerful. [potion of mutation]
 43936 | Zot:5    | Noticed an ancient lich
 43943 | Zot:5    | Killed an ancient lich
 44024 | Zot:5    | Noticed an orb of fire
 44033 | Zot:5    | Gained mutation: You tend to lose your temper in combat.
                  | [an orb of fire]
 44036 | Zot:5    | Killed an orb of fire
 44268 | Zot:5    | Noticed an orb of fire
 44279 | Zot:5    | Gained mutation: You are very clumsy. (Dex -4) [an orb of
                  | fire]
 44279 | Zot:5    | Killed an orb of fire
 44308 | Zot:5    | Noticed an ancient lich
 44385 | Zot:5    | Reached skill level 25 in Fighting
 44491 | Zot:5    | Killed an ancient lich
 45089 | Depths:4 | Lost mutation: Your body sometimes deteriorates upon taking
                  | damage. [potion of mutation]
 45089 | Depths:4 | Lost mutation: Your system is resistant to poisons. (rPois)
                  | [potion of mutation]
 45089 | Depths:4 | Gained mutation: You often lose your temper in combat.
                  | [potion of mutation]
 45089 | Depths:4 | Gained mutation: You have an uncontrollable temper. [potion
                  | of mutation]
 45089 | Depths:4 | Lost mutation: You are very clumsy. (Dex -4) [potion of
                  | mutation]
 45090 | Depths:4 | Lost mutation: You are clumsy. (Dex -2) [potion of
                  | mutation]
 45090 | Depths:4 | Lost mutation: You have an uncontrollable temper. [potion
                  | of mutation]
 45090 | Depths:4 | Lost mutation: Potions are less effective at restoring your
                  | health. [potion of mutation]
 45090 | Depths:4 | Lost mutation: Your flesh is very heat resistant. (rF++)
                  | [potion of mutation]
 45090 | Depths:4 | Lost mutation: You often lose your temper in combat.
                  | [potion of mutation]
 45090 | Depths:4 | Gained mutation: You passively map a small area around you.
                  | [potion of mutation]
 45094 | Zig:1    | Entered Level 1 of a ziggurat
 45112 | Zig:2    | Entered Level 2 of a ziggurat
 45162 | Zig:3    | Entered Level 3 of a ziggurat
 45206 | Zig:4    | Entered Level 4 of a ziggurat
 45235 | Zig:4    | Got a shimmering wooden ring
 45244 | Zig:4    | Learned a level 2 spell: Song of Slaying
 45244 | Zig:4    | Identified the ring of Contentment {+Fly Str+7 Dex-4} (You
                  | found it on level 4 of a ziggurat)
 45249 | Zig:5    | Entered Level 5 of a ziggurat
 45257 | Zig:5    | Noticed Axipucom the pandemonium lord
 45282 | Zig:5    | Killed Axipucom the pandemonium lord
 45429 | Zig:6    | Entered Level 6 of a ziggurat
 45478 | Zig:6    | Identified the Papyrus of Bewitching Envenoming
 45541 | Zig:7    | Entered Level 7 of a ziggurat
 45591 | Zig:7    | Identified the +1 leather armour "Sufuatir" {+Inv} (You
                  | found it on level 7 of a ziggurat)
 45615 | Zig:8    | Entered Level 8 of a ziggurat
 45629 | Zig:8    | Noticed Ujinn the pandemonium lord
 45656 | Zig:8    | Killed Ujinn the pandemonium lord
 45674 | Zig:8    | Found the +9 sword of Zonguldrok {reap}
 45743 | Zig:9    | Entered Level 9 of a ziggurat
 45759 | Zig:9    | Found the +2 Maxwell's thermic engine {flame, freeze}
 45759 | Zig:9    | Noticed a greater mummy
 45774 | Zig:9    | Killed a greater mummy
 45826 | Zig:9    | Identified the Papyrus of Dusty Lightness
 45829 | Zig:9    | Got a steaming granite ring
 45843 | Zig:9    | Identified the ring "Hodygaz" {rCorr Str+3} (You found it
                  | on level 9 of a ziggurat)
 45904 | Zig:10   | Entered Level 10 of a ziggurat
 45924 | Zig:10   | Noticed a juggernaut
 45942 | Zig:10   | Reached skill level 26 in Fighting
 45951 | Zig:10   | Killed a juggernaut
 46020 | Zig:10   | Got a bound crystal amulet
 46027 | Zig:10   | Identified the amulet of Segges {Reflect rC+ Int+4 SH+3}
                  | (You found it on level 10 of a ziggurat)
 46034 | Zig:11   | Entered Level 11 of a ziggurat
 46155 | Zig:12   | Entered Level 12 of a ziggurat
 46246 | Zig:12   | Found the +8 mithril axe "Arga" {speed, MR+}
 46276 | Zig:13   | Entered Level 13 of a ziggurat
 46316 | Zig:13   | Gained mutation: You occasionally shout uncontrollably at
                  | your foes. [a shining eye]
 46330 | Zig:13   | Gained mutation: You often lose your temper in combat. [a
                  | shining eye]
 46331 | Zig:13   | Gained mutation: You are frail. (-10% HP) [a shining eye]
 46394 | Zig:13   | Identified the +11 long sword of World Downfall {antimagic,
                  | rElec rN+ Int+2 Dex+3} (You found it on level 13 of a
                  | ziggurat)
 46411 | Zig:14   | Entered Level 14 of a ziggurat
 46415 | Zig:14   | Noticed an ancient lich
 46427 | Zig:14   | Killed an ancient lich
 46557 | Zig:14   | Got a pair of encrusted gloves
 46570 | Zig:14   | Identified the cursed -5 pair of gloves of Indecent
                  | Exposure {Int+2} (You found it on level 14 of a ziggurat)
 46582 | Zig:15   | Entered Level 15 of a ziggurat
 46699 | Zig:15   | Identified the Disquisition on the Mutagenic Volcanoes
 46702 | Zig:15   | Found the amulet of the Four Winds {rN+ MR+++ Clar}
 46703 | Zig:15   | Got a steaming lead ring
 46706 | Zig:15   | Got a twitching tin amulet
 46707 | Zig:15   | Identified the Collected Works on Confrontation and Black
                  | Rites
 46730 | Zig:15   | Reached skill level 27 in Fighting
 46731 | Zig:15   | Identified the ring of the Ancients {MR+ Stlth+} (You found
                  | it on level 15 of a ziggurat)
 46732 | Zig:15   | Identified the amulet "Pixtod" {Harm *Drain rElec rN++ MP-9
                  | SInv} (You found it on level 15 of a ziggurat)
 46745 | Depths:4 | Lost mutation: You occasionally shout uncontrollably at
                  | your foes. [potion of mutation]
 46745 | Depths:4 | Lost mutation: You are frail. (-10% HP) [potion of
                  | mutation]
 46745 | Depths:4 | Lost mutation: You often lose your temper in combat.
                  | [potion of mutation]
 46745 | Depths:4 | Lost mutation: You tend to lose your temper in combat.
                  | [potion of mutation]
 46745 | Depths:4 | Gained mutation: You have an increased reservoir of magic.
                  | (+10% MP) [potion of mutation]
 46745 | Depths:4 | Gained mutation: You have large cloven feet. [potion of
                  | mutation]
 46800 | Depths:4 | Voluntarily entered the Abyss.
 47273 | Abyss:3  | Found a corrupted altar of Lugonu.
 47496 | Abyss:3  | Gained mutation: You are clumsy. (Dex -2) [a cacodemon]
 47925 | Abyss:4  | Got an abyssal rune of Zot
 48118 | Abyss:5  | Entered Level 5 of the Abyss
 48340 | Abyss:5  | Identified the +8 large shield "Witaum" {rN+ MR+ Regen+}
 48348 | Abyss:5  | Reached skill level 15 in Stealth
 48371 | Abyss:5  | Paralysed by accursed screaming for 1 turns
 48826 | Depths:4 | Escaped the Abyss
 49498 | Depths:2 | Bought 2 potions of mutation for 800 gold pieces
 49498 | Depths:2 | Bought a potion of mutation for 400 gold pieces
 49498 | Depths:2 | Bought a potion of mutation for 400 gold pieces
 49498 | Depths:2 | Bought a potion of mutation for 400 gold pieces
 49498 | Depths:2 | Bought 2 potions of mutation for 800 gold pieces
 49498 | Depths:2 | Bought a potion of mutation for 400 gold pieces
 49498 | Depths:2 | Bought a potion of mutation for 400 gold pieces
 49498 | Depths:2 | Bought a potion of mutation for 400 gold pieces
 49498 | Depths:2 | Bought a potion of mutation for 400 gold pieces
 49498 | Depths:2 | Bought 2 potions of mutation for 800 gold pieces
 49655 | Pan      | Entered Pandemonium
 50025 | Pan      | Noticed Eroh Xyung the pandemonium lord
 50078 | Pan      | Killed Eroh Xyung the pandemonium lord
 50133 | Pan      | Found an exit through the horrors of the Abyss.
 50270 | Pan      | Entered the realm of Mnoleg.
 50342 | Pan      | Gained mutation: You occasionally shout uncontrollably at
                  | your foes. [a cacodemon]
 50352 | Pan      | Gained mutation: You do not regenerate when monsters are
                  | visible. [a cacodemon]
 50455 | Pan      | Lost mutation: You occasionally shout uncontrollably at
                  | your foes. [potion of mutation]
 50455 | Pan      | Lost mutation: You are clumsy. (Dex -2) [potion of
                  | mutation]
 50455 | Pan      | Lost mutation: You do not regenerate when monsters are
                  | visible. [potion of mutation]
 50455 | Pan      | Lost mutation: You have large cloven feet. [potion of
                  | mutation]
 50455 | Pan      | Gained mutation: You are somewhat resistant to further
                  | mutation. [potion of mutation]
 50455 | Pan      | Gained mutation: Your flesh is cold resistant. (rC+)
                  | [potion of mutation]
 50455 | Pan      | Gained mutation: Your flesh is very heat resistant. (rF++)
                  | [potion of mutation]
 50550 | Pan      | Noticed Mnoleg
 50596 | Pan      | Killed Mnoleg
 50718 | Pan      | Identified the +4 eveningstar "Ultimatum" {venom, rElec}
                  | (You found it in Pandemonium)
 50744 | Pan      | Got a glowing rune of Zot
 50945 | Pan      | Reached skill level 10 in Necromancy
 51011 | Pan      | Found an exit through the horrors of the Abyss.
 51105 | Pan      | Noticed Igaop the pandemonium lord
 51203 | Pan      | Killed Igaop the pandemonium lord
 51269 | Pan      | Got a demonic rune of Zot
 51420 | Pan      | Noticed Fiurat the pandemonium lord
 51442 | Pan      | Killed Fiurat the pandemonium lord
 51626 | Pan      | Entered the realm of Lom Lobon.
 51931 | Pan      | Noticed Lom Lobon
 51963 | Pan      | Killed Lom Lobon
 52017 | Pan      | Got a magical rune of Zot
 52584 | Pan      | Noticed Nycvaun the pandemonium lord
 52598 | Pan      | Killed Nycvaun the pandemonium lord
 52814 | Pan      | Noticed Ykki the pandemonium lord
 52820 | Pan      | Killed Ykki the pandemonium lord
 52923 | Pan      | Identified the Catalogue of Hurtful Curses
 52942 | Pan      | Learned a level 5 spell: Borgnjor's Vile Clutch
 53037 | Pan      | Entered the realm of Gloorx Vloq.
 53269 | Pan      | Noticed Gloorx Vloq
 53282 | Pan      | Found an exit through the horrors of the Abyss.
 53366 | Pan      | Killed Gloorx Vloq
 53368 | Pan      | Got a dark rune of Zot
 53653 | Pan      | Noticed Hempodoim the pandemonium lord
 53669 | Pan      | Killed Hempodoim the pandemonium lord
 53735 | Pan      | Noticed Odimilir the pandemonium lord
 53746 | Pan      | HP: 7/239 [Odimilir the pandemonium lord (34)]
 53754 | Pan      | Killed Odimilir the pandemonium lord
 54099 | Pan      | Entered the realm of Cerebov.
 54418 | Pan      | Identified the +6 chain mail "Ostrank" {rN+ Str+3 Stlth-}
                  | (You found it in Pandemonium)
 54877 | Pan      | Reached skill level 10 in Spellcasting
 54878 | Pan      | Identified the +6 sword of Cerebov {flame}
 54878 | Pan      | Noticed Cerebov
 54907 | Pan      | Killed from afar by Cerebov

Levels and vault maps discovered:
D:1:      dpeg_arrival_oval, layout_rooms
D:2:      layout_loops_ring, minmay_pentomino_u4
D:3:      mumra_celtic_spiral_tile, layout_loops_ring, first_ration
D:4:      layout_basic, uniq_grinder
D:5:      layout_basic, demons_altar, kennysheep_little_box, enter_ossuary_4,
          basic_altar, hangedman_decor_points, minivault_19, uniq_blork_the_orc
D:6:      layout_basic, nicolae_ru_path_of_blood,
          minmay_temple_entry_statues_fountains, serial_shops,
          kennysheep_mini_moat, kennysheep_nub, kennysheep_generic_room_12
D:7:      layout_basic, nicolae_tso_besieged_by_evil, kennysheep_mini,
          grunt_gozag_statues, basic_altar, serial_bayou_pond_c, uniq_pikel
D:8:      layout_gridville, tgw_fedhas, serial_undead, serial_undead_c,
          serial_undead_b, serial_undead_b, serial_undead_b, uniq_erica,
          uniq_harold
D:9:      layout_roguey, lemuel_doored_altar, david_lair_shrubbed, uniq_joseph
D:10:     layout_cave_pools, grunt_pizzeria, chequers_serial_rivers_small_b
D:11:     minmay_bloctagon, layout_irregular_city, orc_david_3
D:12:     minmay_blocky_corners, layout_loops_ring, gammafunk_ghost_spectres,
          portal_ice_cave_entry_ice_beasts
D:13:     layout_gridville
D:14:     kennysheep_kobold_grotto, layout_loops_ring,
          skrybe_vaults_entry_preservation, serial_rivers,
          chequers_serial_rivers_micro_e, chequers_serial_rivers_marsh,
          chequers_serial_rivers_micro_d, chequers_serial_rivers_room_a,
          chequers_serial_rivers_small_b, serial_shops, shop,
          ebering_ghost_rock_garden, uniq_roxanne, uniq_kirke, uniq_agnes
D:15:     gammafunk_enter_depths_forms, layout_cave_pools, serial_park_tiny_2,
          basic_altar, serial_shops, nicolae_shop_window_shopping,
          gammafunk_ghost_mausoleum, enter_trove_3, uniq_jorgrun
Temple:   dpeg_chambers_temple
Lair:1:   layout_regular_city, grunt_megastairs_4
Lair:2:   layout_gridlike, minmay_snake_entry_spellcaster, beast_lair_carwin_8
Lair:3:   layout_cave_pods, uniq_nergalle
Lair:4:   layout_roguey, skrybe_swamp_entry_bodies
Lair:5:   minmay_guarded_unrand_snakebite, layout_concentric_octagons,
          cheibrodos_lair_reptile_den
Lair:6:   hangedman_lair_tendril_chambers, layout_layer_cave,
          minmay_slime_entry_jelly_boxes, chequers_serial_rivers_micro_b,
          minmay_lair_oklob_chamber
Swamp:1:  layout_basic_swamp, evilmike_swamp_ruin_house_4, swamp_pool2
Swamp:2:  layout_basic_swamp, serial_swamp_ruin, evilmike_swamp_ruin_house_2,
          evilmike_swamp_ruin_house_6, evilmike_swamp_ruin_house_5, swamp_pool2
Swamp:3:  layout_basic_swamp, nicolae_swamp_dense_foliage
Swamp:4:  swamp, layout_basic_swamp, ebering_ghost_disaster_area, swamp_pool1
Snake:1:  layout_chambers
Snake:2:  layout_onion_interference, serial_bayou_pond_a, guppyfry_snake_island,
          serial_bayou_shore_a
Snake:3:  layout_rooms, uniq_aizul, uniq_saint_roka
Snake:4:  snake_pit, layout_cave_town, corexii_hall_statues_u,
          grunt_ministairs_11, nrook_guardian_serpent_ordinary
Slime:1:  layout_caves
Slime:2:  layout_caves
Slime:3:  layout_caves
Slime:4:  layout_caves
Slime:5
Orc:1:    layout_caves, gammafunk_ghost_berserking_beasts
Orc:2:    st_orc_congregation, layout_caves, gauntlet_entry_generic,
          serial_shops, shop, ebering_ghost_inner_flame, sword_in_stone
Elf:1:    minmay_elf_arrival_plus, layout_gridlike, serial_shops, shop,
          minmay_elf_demonology, hangedman_corner_corridor, uniq_azrael
Elf:2:    layout_onion_city, serial_shops, bzr_in_the_mist, hex_medium,
          statue_in_the_mist_lemuel
Elf:3:    minmay_elf_hall_statues, layout_loops_ring,
          roderic_lattice_octagonal_star
Vaults:1: hangedman_vaults_corner_blocks, st_squares, v_misc_17, v_pattern_2,
          nicolae_vaults_triangles, v_misc_2, vaults_room_fours,
          nicolae_vaults_ring_of_whatevers, layout_vaults_ring, serial_shops,
          shop_coins
Vaults:2: v_misc_33, minmay_crypt_entry_simple_box, nicolae_vaults_angled_halls,
          st_eye, vaults_mumra_hexcomb, grunt_vaults_focal,
          nicolae_vaults_yaktaur_gun_rack, hangedman_vaults_corner_blocks,
          hangedman_vaults_trim, v_misc_2, nicolae_vaults_circle_grid_a,
          vaults_room_door_hall, layout_vaults_omnibox
Vaults:3: ontoclasm_vaults_twist, hangedman_vaults_stretched_pinwheel,
          nicolae_vaults_theta, nicolae_vaults_an_arrangement,
          hangedman_vaults_slither, vaults_room_door_hall, v_alt_pattern_3,
          v_alt_pattern_5, ontoclasm_vaults_bender, v_misc_23,
          vaults_room_semicircle, dpeg_vaults_monster_box,
          layout_vaults_maze_snakey, uniq_mennas
Vaults:4: nicolae_vaults_rhombus_7, hangedman_vaults_impose, vaults_dpeg_spiral,
          nicolae_vaults_theta, nicolae_vaults_little_squares_5,
          ontoclasm_vaults_hangar, vaults_dpeg_encased_lava,
          layout_vaults_quadrants, serial_shops, freezing_bzr, shop, shop, shop,
          uniq_bai_suzhen
Vaults:5: serial_shops, uniq_sojobo
Crypt:1:  layout_gridlike, st_burial_chamber
Crypt:2:  layout_gridlike, uniq_xtahua
Crypt:3:  david_glass_crypt, layout_gridlike, nicolae_tomb_entry_grand_gallery
Depths:1: layout_gridlike, chequers_serial_rivers_marsh, pan_entry, hell_entry,
          drop_trap, dk_noncrumbling_4, minmay_protected_statue, uniq_asterion
Depths:2: grated_community_mu [grated_community_mu_vampire_home,
          grated_community_mu_giant_home, grated_community_mu_spellcaster_home,
          grated_community_mu_orcish_home, grated_community_mu_troll_home,
          grated_community_mu_taur_home, grated_community_mu_unbuilt_plot],
          layout_basic, grunt_hell_entry_dis_old, evilmike_ruin_ashenzari,
          abyss_entry, grunt_decor_cap, roderic_roman_lattice,
          minmay_staircase_bubble
Depths:3: minmay_quantized_circle, layout_cave_shapes, special_room
          [special_room_mythical_zoo], lightli_enter_wizlab_magi_temple,
          lightli_too_deep, grunt_pan_entry_in_and_out, nrook_mini_backslash,
          due_unseen_surprise
Depths:4: minmay_the_grid_four_pointed_star_mashed
          [minmay_the_grid_triangle_9x9_dagger,
          minmay_the_grid_triangle_9x9_impossible_snake,
          minmay_the_grid_triangle_9x9_fully_insulated_deathbox,
          minmay_the_grid_triangle_9x9_cache, minmay_the_grid_prize_big_room],
          layout_basic, enter_ziggurat_e, abyss_entry_flame_altar, hell_entry,
          minmay_misc_feat_alley
Depths:5: evilmike_zot_entry_argh, layout_cave_shapes, rand_demon_pan_entry_1,
          abyss_entry_small_statue_room, hell_entry, minmay_misc_feat_ornament,
          serial_bayou_pond_b, minmay_door_square, nicolae_blasting_shop,
          chequers_serial_rivers_small_3, minmay_hollow_rounded_squares
Zot:1:    layout_misc_corridors
Zot:2:    circus_mu, layout_onion
Zot:3:    grunt_twist_and_shout, layout_cathedral_of_symmetry,
          guppyfry_library_mini
Zot:4:    layout_concentric_octagons, grunt_megastairs_2
Zot:5:    layout_cathedral_of_symmetry
Pan:      nicolae_pan_glass_arcs, layout_gridlike, pan_blood_fountain_small,
          grunt_pan_sceptre, layout_pan_divisions_a [pan_division_quadrant_a6,
          pan_division_quadrant_a6, pan_division_quadrant_a3,
          pan_division_quadrant_a6, pan_division_octagon_halves],
          pan_blood_fountain, nicolae_pan_giant_door, layout_gridville,
          evilmike_mnoleg_eyes, layout_basic, nicolae_pan_hourglass,
          layout_basic, evilmike_mini_pan_possible_glass, layout_small_grid,
          pan_blood_fountain_small, nicolae_pan_diamonds, layout_chambers,
          gammafunk_the_bubble [the_bubble_gammafunk_roulette], layout_chambers,
          lom_lobon_st, layout_basic, pan_blood_fountain_small,
          evilmike_mini_pan_pillars_b, layout_irregular_city,
          evilmike_mini_pan_layers, layout_basic, pan_blood_fountain_small,
          gloorx_vloq, layout_chambers, pan_blood_fountain_small,
          nicolae_pan_gloorx_vloqian_2, evilmike_mini_pan_corner, layout_basic,
          rand_demon_5, layout_small_grid, nicolae_pan_cerebovesque_4,
          cerebov_st, layout_gridlike, nicolae_pan_gloorx_vloqian_1

Skill      XL: |  1  2  3  4  5  6  7  8  9 10 11 12 13 14 15 16 17 18 19 20 21 22 23 24 25 26 27 |
---------------+----------------------------------------------------------------------------------+-----
Dodging        | 3 4 5 6 8 10 11 12 13 14 15 16 17 18 19 20 | 20.0
Armour         | 1 2 3 4 6 8 9 10 11 12 14 | 14.8
Fighting       | 3 4 5 7 8 10 11 13 14 15 16 17 18 19 20 21 22 27 | 27.0
Stealth        | 3 4 6 7 9 10 11 12 19 | 19.2
Long Blades    | 1 5 7 9 11 12 13 14 15 16 17 21 | 21.2
Shields        | 5 8 10 11 12 13 14 15 16 17 18 25 | 25.0
Invocations    | 6 8 10 13 15 16 | 16.0
Necromancy     | 4 6 8 13 | 13.5
Charms         | 3 5 7 8 |  8.0
Spellcasting   | 3 5 7 8 10 | 10.0
Polearms       | |  2.6
Throwing       | |  1.7

Action                   |  1- 3 |  4- 6 |  7- 9 | 10-12 | 13-15 | 16-18 | 19-21 | 22-24 | 25-27 || total
-------------------------+-------+-------+-------+-------+-------+-------+-------+-------+-------++-------
Melee: Trident           |    19 |       |   207 |    85 |       |       |       |       |       ||   311
       Spear             |    81 |   227 |    72 |       |       |       |       |       |       ||   380
       Headbutt          |       |       |       |   131 |   349 |   461 |   402 |   516 |  1604 ||  3463
       Scimitar          |       |       |       |   302 |  1113 |   528 |       |       |       ||  1943
       Unarmed           |       |       |       |       |       |     8 |       |       |       ||     8
       Katana            |       |       |       |       |       |   654 |   450 |    90 |       ||  1194
       Double sword      |       |       |       |       |       |       |   718 |  1148 |  4119 ||  5985
       Long sword        |       |       |       |       |       |       |       |       |    20 ||    20
Throw: Throwing net      |       |     1 |     6 |     2 |     1 |       |       |       |       ||    10
       Boomerang         |       |     1 |       |       |       |       |       |       |       ||     1
 Cast: Regeneration      |       |       |       |       |       |       |       |     1 |    74 ||    75
       Song of Slaying   |       |       |       |       |       |       |       |       |     1 ||     1
Invok: Ancestor Identity |       |       |       |     3 |       |       |       |       |       ||     3
       Recall Ancestor   |       |       |       |     2 |     5 |       |     4 |     5 |    14 ||    30
       Ancestor Life: Kn |       |       |       |     1 |       |       |       |       |       ||     1
       Transference      |       |       |       |       |     1 |       |     1 |       |     4 ||     6
       Idealise          |       |       |       |       |       |     3 |    12 |    20 |    20 ||    55
 Abil: Evoke Berserk Rag |       |       |       |       |     2 |     1 |       |       |       ||     3
       Evoke Flight      |       |       |       |       |       |       |       |       |     3 ||     3
       Stop Flying       |       |       |       |       |       |       |       |       |     1 ||     1
Evoke: Wand              |       |       |    15 |    17 |     4 |     3 |     1 |     2 |    24 ||    66
       Lightning rod     |       |       |       |     4 |       |     2 |       |       |       ||     6
       Box of beasts     |       |       |       |       |       |     1 |       |       |       ||     1
       Phial of floods   |       |       |       |       |       |       |     1 |       |     1 ||     2
  Use: Scroll            |     2 |     4 |     7 |    12 |    23 |    10 |    24 |    19 |    43 ||   144
       Potion            |     1 |     2 |       |     7 |     6 |     5 |     3 |    10 |    43 ||    77
 Stab: Sleeping          |     1 |     5 |     4 |    18 |    26 |    45 |    39 |    37 |    72 ||   247
       Held in net/web   |       |       |     4 |     2 |       |       |       |       |       ||     6
       Distracted        |       |       |       |     2 |    18 |    16 |    24 |    16 |   118 ||   194
       Invisible         |       |       |       |       |       |     2 |       |     3 |       ||     5
       Confused          |       |       |       |       |       |       |       |       |     1 ||     1
  Eat: Chunk             |       |     2 |     1 |     3 |     4 |    18 |    18 |     4 |    10 ||    60
       Ration            |       |     1 |     2 |     3 |     6 |     2 |     3 |     5 |    19 ||    41
Armor: Leather armour    |    28 |    15 |       |       |       |       |       |       |       ||    43
       Scale mail        |       |    55 |    67 |       |       |   106 |   108 |   111 |       ||   447
       Steam dragon scal |       |       |    22 |   103 |   152 |    11 |       |       |       ||   288
       Skin              |       |       |       |     6 |       |       |       |       |       ||     6
       Plate armour      |       |       |       |       |   166 |       |       |       |       ||   166
       Quicksilver drago |       |       |       |       |       |       |       |   107 |   581 ||   688
Dodge: Dodged            |    53 |   107 |   178 |   335 |   562 |   385 |   407 |   565 |  1795 ||  4387
Block: Shield            |       |       |       |    26 |   733 |   645 |   724 |   966 |   749 ||  3843
       Reflection        |       |       |       |       |       |    15 |    81 |    42 |    49 ||   187
       Large shield      |       |       |       |       |       |       |       |       |  3611 ||  3611
       Rpst.: Scimitar   |       |       |       |    82 |   113 |    41 |       |       |       ||   236
       Katana            |       |       |       |       |       |    31 |    23 |     1 |       ||    55
       Double sword      |       |       |       |       |       |       |    48 |    83 |   246 ||   377
